Workbook
Name Process: "process, label, store"

Sheet Cover
D1: Forest Certification Public Report
A3: Forest Manager/Owner (Certificate Holder): | D3: ='1 Basic Info'!C7 -> Ottawa Valley Forest
A4: Forest Name: | D4: Ottawa Valley Forest
A5: Country: | D5: Canada
A6: Standard: | D6: FSC-STD-CAN-01-2018 EN_V1
A7: Certificate code: | D7: SA-FM/COC-002701
A8: FSC® logo licence code: | D8: FSC-C102825
A9: Certificate issue date: | D9: 44516
A10: Certificate expiry date: | D10: 46341
A12: Table of contents:
D13: 1. Basic Info
D14: 2. Findings
D15: 3. Main Assessment Certification Process
D16: 4. Admin
D17: 5. Main Assessment Forest details
D18: 6. Surveillance 1 (S1)
D19: 7. Surveillance 2 (S2)
D20: 8. Surveillance 3 (S3)
D21: 9. Surveillance 4 (S4)
C22: Annexes: | D22: NFSS Checklist
D23: A1.1: Pesticides
D24: A1.2 IFL
D25: A2: Consultation
D26: A3: Species list
D27: A4: CITES list (for reference)
D28: A5: Additional Info
D29: A6: Group Standard
D30: A7: Group member details/ FMU details (Group & Multiple FMU)
D31: A8: Sampling calculation
D32: A9: NTFP checklist (use appropriate adapted standard for specific NTFP and region)
D33: A10: Glossary
D34: A11: Certification Decision form
... D42: A18: Opening & Closing meeting
B44: Assessment date | C44: Audit Team Leader | D44: Checked by | E44: Date Checked | F44: Approved by | G44: Report finalisation / update date
A45: RA | B45: September 20-24, 2021 | C45: Larry Nall | D45: Valentins Kuksinovs, James Evans | E45: 44504 | F45: James Evans | G45: 44505
A46: S1
A47: S2
A48: S3
A49: S4
A51: Please note that the main text of this report is publicly available on request
A53: Soil Association Certification • United Kingdom
A54: Telephone (+44) (0) 117 914 2435
A55: Email forestry@soilassociation.org • www.soilassociation.org/forestry
A57: Soil Association Certification Ltd • Company Registration No. 726903
A58: A wholly-owned subsidiary of the Soil Association Charity No. 20686
D59: FSC Licence Code FSC® A000525
A60: RT-FM-001-23 March 2021 © Produced by Soil Association Certification Limited

Sheet 1 Basic Info
A1: 1 | B1: BASIC INFORMATION | D1: Note: cells highlighted in green include information requested on the FSC database. Please check carefully at each audit and highlight changes in yellow
A2: 1.1 | B2: Certification Body | C2: Soil Association Certification Ltd
A3: 1.1.1 | B3: Certificate registration code | C3: =Cover!D7 -> SA-FM/COC-002701
A4: 1.1.2 | B4: Type of certification | C4: FSC
A5: 1.1.3 | B5: Please detail any current or previous FSC/Other applications or certifications within the last 5 years For previous certificates please supply a copy of the last audit report
A6: 1.2 | B6: Details of forest manager/owner/contractor/wood procurement organisation (Certificate holder)
A7: 1.2.1 | B7: Company name and legal entity | C7: =Cover!D4 -> Ottawa Valley Forest
A8: 1.2.2 | B8: Company name and legal entity in local language
A9: 1.2.3 | B9: Company registration number
A10: 1.2.4 | B10: Contact person | C10: Nick Gooderham, R.P.F.
A11: 1.2.5 | B11: Business address | C11: 195 Brazeau Rd., RR3, Pembroke, Ontario, K8A 6W4 | G11: Forest owner(s), or
A12: 1.2.6 | B12: Country | C12: Canada | G12: Wood procurement organisation(s), or
A13: 1.2.7 | B13: Tel | C13: (613)735-1888 | G13: Forest contractor(s):
A14: 1.2.8 | B14: Fax | C14: (613)735-1849 | G14: Felling operations contractor
A15: 1.2.9 | B15: e-mail | C15: planning@ovfi.ca | G15: Silvicultural contractor, or
A16: 1.2.10 | B16: web page address | C16: www.ovfi.ca | G16: Forest management planning contractor
A17: 1.2.11 | B17: Application information completed by duly authorised representative | C17: Nick Gooderham, R.P.F.
A18: 1.2.12 | B18: Any particular logistics for travel arrangements to the site or between the sites? | C18: Nearest large airport, Ottawa
A20: 1.3 | B20: Scope of certificate
A21: 1.3.1 | B21: Type of certificate | C21: Single | G21: Single
A22: 1.3.1.a | B22: Type of operation | C22: Forest owner(s), or | G22: Group
A23: 1.3.2a | B23: Name(s) of the forest/organisations covered by the certificate | C23: Ottawa Valley Forest
A24: 1.3.2b | B24: Number of group members | C24: 0
A25: 1.3.3 | B25: Number of Forest Management Units (FMUs) | C25: 1
A26: 1.3.4 | B26: Country | C26: Canada
A27: 1.3.5 | B27: Region | C27: Ontario
A28: 1.3.6 | B28: Latitude | C28: N 45 deg, 45 min (office)
A29: 1.3.7 | B29: Longitude | C29: W 77 deg, 3 min | G29: North
A30: 1.3.8 | B30: Hemisphere | C30: North | G30: South
A31: 1.3.9 | B31: Forest Zone or Biome | C31: Temperate | G31: Boreal
G32: Temperate
A33: 1.3.10 | B33: FSC® AAF category/ies | C33: Non-SLIMF area (ha) | D33: SLIMF area (ha) | G33: Subtropical
B34: Natural Forest - Community Forestry | G34: Tropical
B35: Natural Forest- Conservation purposes | C35: 19574
B36: Natural Forest - Tropical
B37: Natural Forest - Boreal
B38: Natural Forest Temperate | C38: 227850
B39: Plantation
A41: 1.4 | B41: Forest management
A42: 1.4.1 | B42: Type of enterprise | C42: Industrial
B43: Tenure management
C44: Concession
B45: Ownership | C45: State
A48: 1.4.2 | B48: Total area (hectares) | C48: 247424
A49: 1.4.2a | B49: Area of production forest | C49: 223713
A50: 1.4.2b | B50: Area of production forest classified as 'plantation' | C50: 0
A51: 1.4.2c | B51: Area of production forest regenerated primarily by replanting or by a combination of replanting and coppicing of the planted stems | C51: 2011-19, 3804 ha
A52: 1.4.2d | B52: Area of production forest regenerated primarily by natural regeneration, or by a combination of natural regeneration and coppicing of the naturally regenerated stems | C52: 2011-19, 10,736 ha
A53: 1.4.3 | B53: Forest Type | C53: Semi-Natural & Mixed Plantation & Natural Forest | G53: Natural
A54: 1.4.4 | B54: Forest Composition | C54: Broad-leaved/ Coniferous/ Coniferous dominant | G54: Plantation
A55: 1.4.5a | B55: List of High Conservation Values | C55: HCV 1 -Species Diversity HCV 2 -Landscape-level ecosystems and mosaics HCV 3 -Ecosystems and habitats HCV 4 -Critical ecosystem services HCV 6 - Cultural values | G55: Semi-Natural & Mixed Plantation & Natural Forest
B56: Area of forest classified as 'high conservation value forest' | C56: 19351
A57: 1.4.5b | B57: Presence of Indigenous Peoples | C57: YES
A58: 1.4.5c | B58: Presence of Intact Forest Landscape | C58: NO
A59: 1.4.5d | B59: Area protected from commercial harvesting of timber and managed primarily for conservation objectives | C59: 19574
A60: 1.4.5e | B60: Area of forest protected from commercial harvesting of timber and managed primarily for the production of NTFPs or services | C60: 0
A61: 1.4.5f | B61: Ecosystem Services | C61: NO
A62: 1.4.6 | B62: Plantation species category | C62: Not applicable
A63: 1.4.7 | B63: Principal Species | C63: Tree species - see Annex 3
A64: 1.4.8 | B64: Annual allowable cut (cu.m.yr) | C64: 271,998 cu m (FMP-13, 2021-2131)
B65: Actual Annual Cut (cu.m.yr) | C65: 211,416 cu m
A66: 1.4.8a | B66: Approximate annual commercial production of non-timber forest products included in the scope of the certificate, by product type. | C66: 0
A67: 1.4.9 | B67: Product categories | C67: Round wood / Firewood / Round wood pulp
A68: 1.4.10 | B68: Point of sale | C68: Delivered
A69: 1.4.11 | B69: Number of workers – Employees | C69: m: 5 f: 2
B70: Total: | C70: 7
A71: 1.4.12 | B71: Contractors/Community/other workers | C71: m: varies f: varies
B72: Total: | C72: Varies
A73: 1.4.13 | B73: Pilot Project | C73: NO
A74: 1.4.14 | B74: SLIMFs - Small | C74: NO
A75: 1.4.15 | B75: SLIMFs - Low intensity | C75: NO
A77: 1.4.16 | B77: Division of FMUs | C77: Number | D77: Area
B78: Less than 100 ha
B79: 100 ha – 1000 ha
B80: 1000 ha – 10,000 ha
B81: More than 10,000 ha | C81: 1 | D81: 247424
B82: Total | C82: =SUM(C78:C81) -> 1 | D82: =SUM(D78:D81) -> 247424
A84: 1.4.17 | B84: Area of forest owned/managed (including share or partial ownership/manager, consultant or other responsibility) but excluded from the scope of the certificate
B85: Name | C85: Area | D85: Reasons for the exclusion from the FSC certificate. Is the area within the certified FMU (excision), or a separate FMU (partial certification). Why is the area/FMU not included in the certificate?
B86: None
AA100: YES
AA101: NO

Sheet 2 Findings
B1: DO NOT DELETE - contains drop down data | M1: Obs
M2: Minor
M3: Major
A4: 2 | C4: CORRECTIVE ACTION REGISTER | E4: =[1]Cover!D3 -> Ottawa Valley Forest Incorporated | H4: =[1]Cover!D7 -> SA-FM/COC-002701
A5: Justification for grading (DROP DOWN LIST) | B5: No. | C5: Grade | D5: Non-compliance (or potential non-compliance for an Observation) (Groups: specify Group or Member level) | E5: Std ref | F5: Corrective Action Request | G5: Deadline | H5: Date & Evidence (Record date & name if closing between surveillance audits.) | I5: Status | J5: Date Closed
A6: CARs from RA 2015
A7: OBS - complies with the STD requirements but potential NC in future | B7: 200X.1 | C7: Obs | D7: 8.3.3: Immediately on certification the group must include their FSC COC code and FSC status of material (e.g. FSC 100%), on all delivery notes and sales invoices issued for certified product. This will be checked at S1 audit. | E7: FSC 8.3.3 | F7: The company should include their FSC COC code and FSC status of material (e.g. FSC 100%), as appropriate on all delivery notes & sales invoices issued for certified product. | G7: From first sale of FSC material, to be checked within 12 months of the finalisation date of this report, and no later than next annual audit | H7: 2018 S1: No FSC sales yet therefore Obs to remain open for review at S2. | I7: Open
A8: Choose one option from the drop downs | B8: 2015.1 | C8: Obs | D8: Fallen dead wood habitats may not be adequately retained in all harvest blocks. Currently in compliance, as the clearcut harvest in Block 732 is not completed yet. | E8: 6.3.8 | F8: The manager should ensure that site preparation does not result in a lack of retention of adequate levels of fallen dead wood habitats. | G8: Ongoing | H8: September 24, 2016. Site visit confirmed that down woody material was scattered from slash piles across the treatment area, and that no other site prep seen on site tour was close to non-compliance for lack of adequate down woody material. | I8: Closed | J8: 42637
A9: CARs from 2016 S1
A10: Choose one option from the drop downs | B10: 2016.1 | C10: Minor | D10: Procedures do not include the following norms for the design and building of new roads: - Embankments and cuttings are stabilised to resist erosion, - Drains and culverts are designed to minimise erosion. In Block 653, a creek crossingon the primary road is constructed contrary to CORLAPS described in 6.5.2, and is unstable and eroding. | E10: 6.5.2 | F10: The company shall ensure that procedures include the following norms for the design and building of new roads- Embankments and cuttings are stabilised to resist erosion, - Drains and culverts are designed to minimise erosion. This applies to mitigation of poor construction of primary road in Block 653. | G10: One year after report is sent to certificate holder. | H10: August 26, 2017. The general manager presented photographic evidence (10 photos including construction and post-construction) that the road had been reconstructed to the CORLAP standards stated in FMP 4.5.7. | I10: Closed | J10: 1 Nov 2017
A11: CARs from 2017 S2
A12: Choose one option from the drop downs | B12: 2017.1 | C12: Obs | D12: All assumptions regarding regeneration, growth, abundance, quality and size distribution of the main commercial species are not in line with the best available data for the locality from relevant inventories. | E12: 5.6.4 | F12: The company should have the new inventory made available before the end of the calendar year, replacing the thirty year-old inventory currently used, so assumptions regarding regeneration, growth, abundance, quality, and size distribution of the main commercial species are in line with the best available data for the locality from a relevant inventory | G12: Ongoing | H12: October 15, 2018. The company has rejected the new inventory due to significant inaccuracy. The old inventory will be fully updated--depletions, renewal, FTG, and an intensive update of older stands composed of short-lived intolerant species such as poplar. | I12: Closed
A13: CARs from 2018 S3
A14: Choose one option from the drop downs | B14: 2018.1 | C14: Minor | D14: Training records for employees are not up to date. | E14: ´7.3.3 | F14: The company shall keep up-to-date training records of employees. | G14: One year after report is sent to certificate holder. | H14: August 26, 2019. The manager copied the auditor the current training record, and it is up-to-date. | I14: Closed | J14: 43703
A15: Choose one option from the drop downs | B15: 2018.2 | C15: Obs | D15: The silvicultural system on which management is based is not clearly stated. | E15: 10.5.1 | F15: The company should seek to amend the current FMP, and propose wording in the planning for the next FMP, to clarify the descriptive phrases defining the Silvicultural Ground Rules for the shelterwood and clearcut with seed tree alternatives within the silvicultural system. | G15: Ongoing | H15: November 24, 2019. The company and MNRF are formulating new language to clarify the criteria for white and red pine 2 and 3 cut shelterwoods and white pine clearcut with seed tree. The draft proposal is almost complete. October 26, 2020. A Memo dated August 4, 2020 was sent by the MNRF Regional Director outlining a path towards clarifying acceptable field determinations for prescriptions for white pine and red pine management. Discussions with the forest manager and feedback from MNRF staff indicate mutual agreement with this process. Additional clarification will be provided in a new forest management plan, currently being devloped. Closure of this observation should be evaluated at next audit. September 20, 2021. The 2021-31 FMP updated language in the Silviculture Ground Rules to make the descriptive phrases clearer. The FMP modeled a 2-cut shelterwood system in its Analysis Package, replacing the 3-cut system, which monitoring has shown is difficult to achieve optimal results. The plan is expected to be approved by the end of 2021. | I15: Closed | J15: Sept 20, 2021.
A16: CARs from 2019 S4
A17: Choose one option from the drop downs | B17: 2019.1 | C17: Minor | D17: In Block 410, harvesting machinery entered a stream well-marked for exclusion as an AOC. | E17: 6.5.9 | F17: The company shall ensure that procedures are implemented to prevent machinery from entering streams except at designated and designed stream crossings. | G17: Within 12 months of certificate issue, and no later than next annual audit | H17: October 14, 2020. The company forwarded to the auditor the record of a meeting held with the logging contractor prior to start-up this season, where he was instructed to familiarize himself with the AOC features, block map, and prescriptions. Pre-work meetings with all operators are prescribed by the manager to point out protection features. FOIP indicated no non-complainces for skidding across a stream in the last year. | I17: Closed | J17: 44118
A18: Choose one option from the drop downs | B18: 2019.2 | C18: Minor | D18: In Block 410, there was excessive demage to a residual stand of trees during harvesting. 20+ unmarked trees were removed by the operator over approximately 1 ha without a satisfactory explanation. | E18: 5.3.1 | F18: The company shall ensure that there is not excessive damage to residual trees during the harvest operation. | G18: Within 12 months of certificate issue, and no later than next annual audit | H18: October 14, 2020. The auditor was copied a report indicating that the logger responsible has not worked on the forest yet this season, but will have a meeting to ensure excess unmarked trees are not cut prior to his commencement of operations. Inspection results for the block, harvested this year with a different contractor, showed no excess tree cutting. No FOIP non-compliances were reported for this issue in the last year. | I18: Closed | J18: 44118
A19: Choose one option from the drop downs | B19: 2019.3 | C19: Obs | D19: The company has not yet written an ESRA for the two chemical herbicides it uses for site prep. | E19: 1.1.6.2 | F19: The company should write an ESRA for each pesticide it uses, a requirement for use after August 1, 2020. | G19: 44063 | H19: October 13, 2020. The company sent the auditor its ESRA for glyphosate, the active ingredient in VisionMax, the only pesticide the company has used in the last year. | I19: Closed | J19: 44117
A20: Choose one option from the drop downs | B20: 2019.4 | C20: Minor | D20: In Block 752, there was an application of chemicals within 30m of a pond. | E20: 6.6.13 | F20: The company shall not apply chemicals within 30 meters of a lake or pond. | G20: Within 12 months of certificate issue, and no later than next annual audit | H20: October 13, 2020. The company designed an enhanced procedure for ensuring that the layout of blocks for chemical treatment does not violate the 30m buffer protecting water. No non-compliances were reported in the FOIP system in the last year. | I20: Closed | J20: 44117
A21: Choose one option from the drop downs | B21: 2019.5 | C21: Minor | D21: In Block 269, site preparation infringed on a 30 meter buffer around the habitat of Blandings turtle, a Species At Risk. | E21: 6.2.3b | F21: The company shall protect the habitat and populations of species at risk in the forest. | G21: Within 12 months of certificate issue, and no later than next annual audit | H21: October 13, 2020. The company designed an enhanced procedure for ensuring that the layout of blocks for mechanical site prep treatment does not violate the 30m buffer protecting Blandings turtle habitat. No non-compliances were reported in the FOIP system in the last year. | I21: Closed | J21: 44117
A22: Choose one option from the drop downs | B22: 2019.6 | C22: Minor | D22: The renewal monitoring is not current. | E22: 8.1.1 | F22: The company shall maintain currency in its regular monitoring that documents the degree in which goals, objectives and targets were met. | G22: Within 12 months of certificate issue, and no later than next annual audit | H22: November 4, 2020. Based on the provisions of INT-STD-20-007_38, referring to FSC-STD-20-001 V4-0, 4.3.16 a), minor nonconformity shall be corrected within the maximum period of one year (under exceptional and justified circumstances the timeline may be extended to two years. From INT-STD-20-001_41, an epidemic is considered as being typical of a situation that is beyond the control of the CH. The silviculture technician has documented a narrative describing the effect of the pandemic on performance of assessments by a new employee. The office was closed, so the new techs could not connect to an office computer for training. No more than one person was permitted to drive in each vehicle, so training could not be accomplished during driving time. Without proper training, the new techs were impaired in their ability to perform complex assessments. September 23, 2021. There has been a complete turnover in the silviculture staff in the last year. The new staff has significantly caught up on the currency of monitoring this field season. | I22: Closed | J22: 44462
A23: CARs from 2020 S5
A24: Minor - Temporary lapse | B24: 2020.1 | C24: Minor | D24: The justification for use of a restricted HHP was insufficiently addressed in the Renewal Prescription Forms for the 2020 spray program, specifically Block 158 which was queried by the auditor. | E24: SA Ref 1.1.4.1 | F24: The company shall provide a justification for use of glyphosate, a restricted HHP. | G24: One year after report is sent to certificate holder. | H24: October 15, 2020. The silviculture tech copied the auditor the 2020-21 Air Blast Spray Program prescription, which outlines justification of use adequately in comparison to other method of site prep. | I24: Closed | J24: 44119
A25: Minor - impact limited temporal and spatial scale | B25: 2020.2 | C25: Minor | D25: The operational procedures for pesticide application are required to be in adherence to federal and provincial laws, via the contract for chemical site preparation services verified by the auditor. But the inspection for the chemical site prep treatment did not report an analysis of compliance in the "activities" section on Pesticide Application, which read "no issues", and the seven attributes to be checked which evaluated the procedural compliance were recorded as "not checked". | E25: 10.7.5 | F25: The company shall ensure that the use of pesticides* complies with all legal* requirements of Annex A related to the transport, storage, handling, application and emergency procedures for cleanup following accidental spillages of dangerous products. | G25: One year after report is sent to certificate holder. | H25: September 15, 2021. A review of FOIP inspection (697046) results for the 2021 Chemical Site Prep Program, initiated on July 28, and completed on August 7, showed that all the attributes in the inspection format for pesticide application were reported as "in compliance" with a brief description of results. The compliance inspection was done by Nigel Nieman, an OVFI compliance inspector. | I25: Closed | J25: Sept 15, 2021.
A26: OBS - complies with the STD requirements but potential NC in future | B26: 2020.3 | C26: Obs | D26: Before applying any chemical pesticide, the Company has not incorporated the results of their ESRA(s) to site operational plans, to identify site-specific risks and adapt the generic mitigation and monitoring measures previously identified in the IPM ESRA. | E26: FSC-POL-30-001 V3-0 Para 4.12 part 6 | F26: After Dec 31, 2020, Before applying any chemical pesticide, the Company should incorporate the results of their ESRA(s) to site operational plans, to identify site-specific risks and adapt the generic mitigation and monitoring measures previously identified in the IPM ESRA. | G26: Closed | H26: September 22, 2021. The company formulated ESRA's for two herbicides, one of which was used in the last year. The results of the ESRA were incorportated in the site-specific treatment plans. | I26: Closed | J26: 44461
A27: OBS - complies with the STD requirements but potential NC in future | B27: 2020.4 | C27: Obs | D27: The Company has not engaged with stakeholders in conformance with the requirements in the applicable National Forest Stewardship Standard or Interim National Standard when conducting ESRA(s). | E27: FSC-POL-30-001 V3-0 Para 4.12 part 10 | F27: Prior to December 31, 2020, the Company should engage with stakeholders in conformance with the requirements in the applicable National Forest Stewardship Standard or Interim National Standard when conducting ESRA(s). | G27: Closed | H27: September 20, 2021. The silviculture forester engaged with the Great Lakes-St. Lawrence Silviculture Group, as well as with Alison Luke and Krista Watters of MNFR for feedback on ESRA formulation. | I27: Closed | J27: 44459
A28: Minor - impact limited temporal and spatial scale | B28: 2020.5 | C28: Minor | D28: The Company has not Informed third-party nursery suppliers of the list of FSC prohibited chemical pesticides, encouraging them to avoid these pesticides in their processes and in the production of seedlings and other materials entering the management unit, nor have they requested the list of FSC prohibited pesticides used by their nursery suppliers. | E28: FSC-POL-30-001 V3-0 Para 4.12 part 12 | F28: The Company shall Inform third-party nursery suppliers of the list of FSC prohibited chemical pesticides, encouraging them to avoid these pesticides in their processes and in the production of seedlings and other materials entering the management unit, and they shall request the list of FSC prohibited pesticides used by their nursery suppliers.. | G28: One year after report is sent to certificate holder. | H28: November 2, 2020. The silviculture technician copied the auditor the email she sent to the nursery, attaching the FSC Pesticide Policy list of restricted and prohibited chemicals. The CEO of the nursery responded that they do not use any chemical on that list in preparation of the seedlings the company orders. | I28: Closed | J28: 44137
A29: Minor - impact limited temporal and spatial scale | B29: 2020.6 | C29: Minor | D29: The publicly available disputes resolution process does not include provisions for ceasing operation to address disputes of substantial magnitude. | E29: 1.6.2 | F29: The publicly available disputes resolution process shall include provisions for ceasing operation to address disputes of substantial magnitude. | G29: One year after report is sent to certificate holder. | H29: September 20, 2021. The general manager provided an updated version of the OVFI Dispute Resolution Procedure. Clause 3 stipulates that operations will cease when addressing disputes of substantial magnitude. | I29: Closed | J29: 44459
A30: OBS - complies with the STD requirements but potential NC in future | B30: 2020.7 | C30: Obs | D30: Prior to management activities, and through a mutually agreed upon and culturally appropriate engagement process, it has been difficult for the company and the Algonquins of Ontario to agree on protections for certain First Nations values. The management activity has not been initiated by the company. | E30: 3.2.1 | F30: The company should work with both Algonquins of Ontario and MNRF to improve the timeliness, clarity, and completeness of communications regarding operational planning and approval. | G30: Closed | H30: September 27, 2021. Correspondence/Interviews with AOO representatives and government officials indicated that significant improvement has been made on communications. All parties, including the Company, believe that an improvement in trust was resulting from the additional efforts of all parties. | I30: Closed | J30: 44466
A31: Minor - impact limited temporal and spatial scale | B31: 2020.8 | C31: Minor | D31: The HCVF Assessment report has not been updated every five years. | E31: 9.1.6 | F31: The company shall update the HCVF Assessment report every five years. | G31: One year after report is sent to certificate holder. | H31: September 20, 2021. The general manager provided an updated version of the HCVF assessment v 3.0, dated September 7, 2021. The appendices cannot be added until they are finally approved during the FMP approval process, but the content update has been completed. Approval of the FMP is expected prior to the end of the calendar year. | I31: Closed | J31: 44459
A32: CARs from RA
A33: Minor - impact limited temporal and spatial scale | B33: 2021.1 | C33: Minor | D33: There is no reference in company documents confirming that maternity and paternity leave is available for no less than a six-week period after childbirth, and there is no penalty for taking it. Although this is a law, the employee handbook does not specifically refer to maternity and paternity leave. | E33: 2.2.4 | F33: The company shall update its documentation to confirm that maternity and paternity leave is available for no less than a six-week period after childbirth, and there is no penalty for taking it. | G33: Within 12 months of certificate issue, and no later than next annual audit. | I33: Open
B34: 2021.2 | C34: Obs | D34: Compliance with relevant occupational health and safety regulations as specified in Annex A is demonstrated through verification with the operators, but the company does not have written instructions in the compliance inspection format for safety checking on operators for its compliance techs. | E34: 2.3.1 | F34: The company should have written instructions in the compliance inspection format regarding safety checks on operators for its compliance techs. | G34: N/A | I34: Open
B35: 2021.3 | C35: Obs | D35: The HCV assessment* report is not updated every five years. The appendices cannot be added to the updated assessment until they have been approved in the FMP planning process. | E35: 9.1.6 | F35: The company should add the appendices to the updated HCV assessment upon final approval within the FMP planning process. | G35: N/A | I35: Open
A36: Minor - unusual/non-systematic | B36: 2021.4 | C36: Minor | D36: Means to address protection of species at risk* and their habitats* through the use of protected areas*, access management and other habitat* management measures were not carried out. The operator in Block 341 was cited by OVFI compliance techs for incursions into a turtle habitat AOC outside of the permissible operating season. The entire block had been planned to be worked completely outside of the permitted operating season, so the AOC line had not been painted. When the operator decided to operate within the permissible portion of the block, he incurred into the prohibited habitat because there was no line installed. | E36: 6.4.2.2 | F36: The company shall carry out measures to address protection of species at risk* and their habitats* through the use of protected areas*, access management and other habitat* management measures. | G36: Within 12 months of certificate issue, and no later than next annual audit. | I36: Open
A37: Minor - unusual/non-systematic | B37: 2021.5 | C37: Minor | D37: The Organization* has not protected natural water courses, water bodies, and riparian zones by establishing machine-free zones that are not entered except where required for construction of crossings or other approved infrastructure* or restoration* of riparian functions or water bodies. The OVFI compliance tech cited a non-compliance for operating equipment in an AOC protecting an HPS stream/wetland. He found that the AOC had not been laid out, and the operator, not seeing the red paint line, entered the AOC and cut a number of trees within 15m of the water feature. | E37: 6.7.1.2 | F37: The company shall protect natural water courses, water bodies, and riparian zones by establishing machine-free zones that are not entered except where required for construction of crossings or other approved infrastructure* or restoration* of riparian functions or water bodies. | G37: Within 12 months of certificate issue, and no later than next annual audit. | I37: Open
AA208: Choose one option from the drop downs
AA209: OBS - complies with the STD requirements but potential NC in future
AA210: Minor - Temporary lapse
AA211: Minor - unusual/non-systematic
AA212: Minor - impact limited temporal and spatial scale
AA213: Major - continung over a long time period
AA214: Major - repeated/systematic
AA215: Major - affects a wide area and/or causes significant damage,
AA216: Major - absence or a total breakdown of a system,
AA217: Major - not corrected or adequately responded to by the client once identified.

Sheet 3 RA Cert process
A1: 3 | B1: THE CERTIFICATION ASSESSMENT PROCESS
A2: 3.1 | B2: Assessment dates
B3: Main Assessment dates
B4: September 20-24, 2021
B5: Itinerary
B6: September 20: Opening meeting
B7: September 20-24: Review of documentation, staff interviews
B8: September 16-24: Stakeholder meetings
B9: September 21, 23: Site visits
B10: September 24: Closing meeting
B12: Estimate of person days to implement assessment
B13: 14
B15: Justification for increasing and decreasing factors
B16: Factors increasing auditing time: Indigenous Peoples present, HCVs present.
A19: 3.2 | B19: Assessment team
B20: The assessment team consisted of:
B21: 1) Larry Nall (Audit Team Leader). B.S. Forest Management, consulting forester, owner of a medium-sized forest management company for thirty-four years, then a lead auditor FM/COC for thirteen years.
B22: 2) Peter Nitschke (Local Expert): B.S. , M.S. Forest Management. Peter worked as a forester in industry and provincial government, and was the general manager of an FSC-certified forest management company for twenty years until his retirement in 2020.
B23: Team members’ c.v.’s are held on file at the SA Cert office.
A25: 3.2.1 | B25: Report author
B26: Larry Nall
A28: 3.3 | B28: Report Peer review
B29: The Inspection report and draft SA Cert decision was reviewed by a Peer Review Panel consisting of:
B30: 1) name & summary of relevant expertise
B31: 2) name & summary of relevant expertise
B32: The Inspection report and draft SA Cert decision was also sent to the client for comment.
A34: 3.4 | B34: Certification decision
B35: See annex 11
A37: 3.5 | B37: Rationale for approach to assessment
B38: The assessment involved review of relevant management planning documentation and records, site visits, discussion with forest managers and workers and completion of the forest management checklists.
A39: 3.6 | B39: Justification for selection of items and places inspected
B40: Blocks visited Sept 21: Block 337_335, active stand improvement releasing red pine, red oak, and white pine after an old pine seed cut failure, by removing the middle story of competing unacceptable trees. Block 137, marked 2-cut shelterwood, confirming the validity of the prescription. Block 137, marked clearcut with seed tree, confirming the validity of the prescription. Block 137, unmarked red pine commercial thinning, with operator selection to a target BA, confirming validity of prescription. Block 156, active mixed wood clearcut with retention. Block 138, white pine 2-cut shelterwood, planted in 2016, aerially sprayed in 2018, waiting for the final removal cut when regen reaches the required height. Block 139, clearcut with seed trees, planted in 2017, aerially sprayed in 2018, failure of spray to be effective, confirmed strategy to attempt to save the pine from suppression due to heavy, tall poplar competition. Block 139, white pine shelterwood 2-cut, planted in 2017, aerially sprayed in 2018 with mixed effectiveness, confirmed monitoring strategy to determine whether another treatment will be required to reduce competition.
B41: Blocks visited Sept 23: Block 582, Mixed wood clearcut with seed trees, recently harvested. Block 582, white pine shelterwood seed cut. Block 883, white pine shelterwood seed cut 2013, planted in 2016, manual tending in 2021. Block 885, active red oak shelterwood seed cut. Block 884, white pine shelterwood seed cut 2013, planted 2015, manual tending 2017, evaluated to need another manual tending in 2022.
A44: 3.7 | B44: Standards used (inc version and date approved)
B46: The forest management was evaluated against the National Forest Stewardship Standard (NFSS) for Canada: ST-FM-006-02, April 2019. Available at https://fsc.org/en/document-center
A48: 3.7.1 | B48: Adaptations/Modifications to standard
B49: None
A51: 3.8 | B51: Stakeholder consultation process
A52: 3.8.1 | B52: Summary of stakeholder process
B53: 53 consultees were contacted
B54: 1 response was received
B55: Consultation was carried out on 19/07/2021
B56: 11 visits/interviews were held by phone/ in person during audit
B57: See A2 for summary of issues raised by stakeholders and SA Cert response
A59: 3.9 | B59: Observations
B60: Observations are recorded systematically using the SA Cert Checklist. The completed checklist is attached as Annex 1. Implementation of the SA Cert checklist is based on evaluation of every Criterion of the FSC Principles and Criteria for Forest Stewardship. Only minor non-compliances are considered acceptable in order for a certificate to be issued. Major non-compliances result in the issue of a pre-condition. Minor non-conformances result in the issue of a condition or observation. Pre-conditions, conditions and observations are presented in Section2 of this report. Strengths are identified in the checklist denoted with a score of 4 or 5. Criteria scoring 3 in the checklist meet the requirements of the standard indicating compliance with FSC requirements. Weaknesses at Criterion level are identified in the checklist denoted with a score of 1 or 2 and are considered as non-compliances. These criteria require pre-conditions (score 1) or conditions/observations (score 2). Weaknesses at indicator level are denoted with an X.
B62: Each non-compliance is described in detail in Section 2 together with a description of the proposed corrective action (Pre-Condition, Condition, Observation) This section also provides details of any actions taken to close out Conditions. The Conditions identified are to be completed within the identified timescales and will be subject to assessment and reporting at subsequent surveillance visits – see sections 6-9 of report for details of surveillance visits and Section 2 of report for close out details.
A64: 3.1 | B64: ISSUES
B65: Where an issue was difficult to assess or contradictory evidence was identified this is discussed in the section below and the conclusions drawn given.
A66: Ref | B66: Issue
B67: None
A75: 3.11 | B75: Results, Conclusions and Recommendations
B76: On the basis of the observations recorded on the attached standard and checklist annex 1 and subject to the corrective actions in section 2 of this report, it is considered that the certificate holder’s system of management, if implemented as described is capable of ensuring that all requirements of the applicable standard(s) are met over the whole forest area covered by the scope of the evaluation. And, the certificate holder has demonstrated that subject to the specified corrective actions detailed in Section 2 of this report, that the specified system of management is being implemented consistently over the whole forest area covered by the scope of the certificate.

Sheet 4 Admin 
A1: 4 | B1: ADMINISTRATIVE CONTEXT
A2: 4.1 | B2: Context – summary of the legislative, administrative and land use contexts in which the forest management enterprise operates, including the roles of responsible government agencies, involved in aspects of forest management (eg. harvesting, monitoring , protection, health and safety, infrastructure and other uses).
B3: The Ministry of Natural Resources and Forestry (MNRF) is the provincial government body responsible for regulating forest management on its licensee operating on crown land, and for ensuring compliance with the Crown Forest Sustainability Act. MNRF’s Statement of Environmental Values (SEV) under the Environmental Bill of Rights (EBR) is a document which describes how the purposes of the EBR are to be considered whenever decisions that might significantly affect the environment are made in the Ministry. In the development of OVFI's forest management plan, MNRF’s Statement of Environmental Values (SEV) has been considered. The plan is intended to reflect the direction set out in the SEV, and to further the objective of managing Ontario’s natural resources on a sustainable basis.
B4: The Ottawa Valley Forest Management Unit is comprised of the former Pembroke Crown Management Unit, which was established in 1996 with the amalgamation of the former Madawaska and Bonnechere Crown Management Units. In 1999, much of the responsibility for forest management on the unit was transferred from the MNRF to Ottawa Valley Forest Inc. (OVFI) under a Sustainable Forest Licence (SFL). As the SFL-holder, Ottawa Valley Forest Inc. requested a name change for the management unit that would be consistent with the name of the licensee. Effective April 1, 1999 the Pembroke Crown Management Unit was renamed the Ottawa Valley Forest.
B5: The Ottawa Valley Forest Management Unit is comprised of the former Pembroke Crown Management Unit, which was established in 1996 with the amalgamation of the former Madawaska and Bonnechere Crown Management Units. In 1999, much of the responsibility for forest management on the unit was transferred from the MNRF to Ottawa Valley Forest Inc. (OVFI) under a Sustainable Forest Licence (SFL). As the SFL-holder, Ottawa Valley Forest Inc. requested a name change for the management unit that would be consistent with the name of the licensee. Effective April 1, 1999 the Pembroke Crown Management Unit was renamed the Ottawa Valley Forest.
B6: Under the authority of the Sustainable Forest Licence issued by the Minister, Ottawa Valley Forest Inc. of Pembroke has assumed financial and functional responsibility for forest management planning and the implementation of forest management activities on the Ottawa Valley Forest.
B7: The specific responsibilities of the company are detailed in the licence, but can be summarised as follows:
B8: • Forest management planning including:
B9: • the production of the forest management plan every five years;
B10: • the production of the Annual Work Schedules (AWS);
B11: • the preparation of Forest Operations Prescriptions;
B12: • monitoring and reporting achievements in Annual Reports and the Report
B13: of Past Forest Operations.
B14: • Maintenance of the Forest Resources Inventory including all inventories, tests and studies required of the SFL by the Forest Information Manual.
... B33: In 1996, the numerous wood processing facilities and logging contractors that held, or had held, licenses to harvest wood on the former Pembroke Crown Management unit were approached by the Ministry of Natural Resources to create an organisation capable of taking on the responsibilities of a Sustainable Forest Licence. Ottawa Valley Forest Inc. was formed by a partnership of interested companies to be the holder of the Sustainable Forest Licence. The operation of the company, including the distribution of the harvest allocation, is governed by a Unanimous Shareholders Agreement

Sheet 5 RA Forest
A1: 5 | B1: THE FOREST
A2: 5.1 | B2: GENERAL BACKGROUND ABOUT THE FME
B3: Ottawa Valley Forest Inc. is a cooperative of ten forest industries and logging companies and the holder of the Sustainable Forest License (SFL) for the Ottawa Valley Forest located in Renfrew County, Ontario. OVFI is responsible for forest management planning and the implementation of forest management activities on the Ottawa Valley Forest. While the whole of Renfrew County is considered to be the management unit, OVFI is only responsible for the management of Crown lands within the county that are managed for forestry purposes.
A5: 5.1.1 | B5: Type of FME and year established
B6: Sustainable Forest License holder, established in 1999.
A7: 5.2 | B7: TENURE
A8: 5.2.1 | B8: Third party tenure and use rights
B9: In 1996, the numerous wood processing facilities and logging contractors that held, or had held, licenses to harvest wood on the former Pembroke Crown Management unit were approached by the Ministry of Natural Resources and Forestry to create an organisation capable of taking on the responsibilities of a Sustainable Forest Licence. Ottawa Valley Forest Inc. was formed by a partnership of interested companies to be the holder of the Sustainable Forest Licence. The operation of the company, including the distribution of the harvest allocation, is governed by a Unanimous Shareholders Agreement.
A10: 5.2.2 | B10: Forest Owner/manager’s other activity or areas managed
B11: None
A12: 5.2.3 | B12: Land use history and profile of adjacent lands
B13: Logging began in the Ottawa Valley in the early 1800’s with the square timber trade and reached its peak in the 1860’s and 70’s. Most of Renfrew County was "cut over" twice by the early 1900s. After almost 200 years of logging in the Ottawa Valley Forest, the forest industry remains the single greatest influence on the forest composition and landscape pattern.
A14: 5.3 | B14: SUMMARY OF FOREST MANAGEMENT
A15: 5.3.1 | B15: Structure of management organisation
B16: General Manager and Planning Forester-Nick Gooderham, RPF
B17: Operations Forester-Bruce Summersby, RPF. FOP's, plans harvests and roads.
B18: Tom Boudreau-senior compliance technician-oversite of compliance program, audits tree marking, does FOP's.
B19: Silviculture Forester-Alex Emond
B20: Forester Trainee-Julie Antler
B21: Silviculture Technician-Peter Vanderveest
B22: Bookkeeper-Leslie Densmore
A23: 5.3.2 | B23: Description of Management System
B24: Each shareholder with harvesting rights undert the shareholders agreement has an overlapping license. Shareholders have their contracting operators for harvesting. Responsibility of shareholders include harvesting and forest renewal, road construction and maintenance (partly funded by MNRF), tending operations etc.
A25: 5.3.3 | B25: Total management area and main divisions
B26: Total forest area is 247,424 ha. The area is unofficially divided into shareholder operating areas.
A27: 5.3.4 | B27: Forest composition and forest production
B28: See 1.4.2-5
A30: 5.3.5 | B30: Management objectives
B31: The principle that healthy and diverse forest ecosystems are the key to a sustainable forest-based economy
B32: • The conservation of our natural environment the enhancement and maintenance of all forest values
B33: • Conducting the business in a professional, open and fair manner
B34: • Providing shareholders with the most cost effective and efficient forest management services and support
B35: • Promoting awareness and training for the safety and well being of forest worker
B36: • Continuous learning and the application of the best available science and knowledge
A38: 5.3.6 | B38: Silviculture and/or forest management systems
A39: 5.3.6a | B39: General description
B40: The clearcut silvicultural system is best suited to promote light-demanding species such as poplar (trembling aspen and largetooth aspen), white birch and jack pine.
B41: The common theme in the ‘modified clearcut’ is that the majority of the dominant overstory is harvested but certain species and/or classes are retained to form part of the next stand.
B42: The clearcut is considered to be ‘modified’ when the stocking of residual stems meets the FRI minimum stocking standard of 30% (normally 10m2/ha basal area or greater).
B43: One variation of the modified clearcut involves the careful harvest of most of the dominant trees in the stand (typically poplar) and the retention of long-lived desirable species that are usually subordinate to the main canopy (typically white pine, red pine, white spruce, red oak and other tolerant hardwoods). Another variation of the modified clearcut may be to retain a residual overstory to act as a ‘nurse crop’ for desirable regeneration occurring in the understory. The strip clearcut system is a variation of the clearcut system that harvests the mature overstory in a series of strips separated by strips of retained mature trees. The retained strips provide the regenerating strip with both seed and some shelter from drying winds.
B44: Patch clearcutting is defined in the Silvicultural Guide(s) as the removal of the overstory in a small irregularly shaped, spaced and sized cut area. With patch clearcutting, the physical dimensions of clearcuts are typically between 6 and 16 hectares. ‘Patch cuts’ involve the complete removal of the overstory as in the clearcut system but are restricted to patches of one hectare or less.
B45: The shelterwood system uses the gradual removal of the overstory in a series of periodic partial cuts to create conditions suitable for the establishment and development of even-aged regeneration in the “shelter” of the overstory. An additional harvest treatment may be introduced before the regeneration cut. This harvest is called the preparatory or prep cut. Its purpose is to remove the smaller and weaker trees, as well as any undesirable species, in order to provide space for the development of full, deep crowns on the preferred seed-bearing trees. This harvest usually occurs 20 years in advance of the regeneration cut, typically at about 60 years of age.
B46: The first removal harvest may be carried out under the normal natural regeneration scenario when adequate stocking of desired regeneration has been obtained.
B47: The Selection System is a periodic, partial cutting system controlled by stocking (basal area), that uses indicators of tree vigour and risk to determine which trees should be removed. The periodic harvests maintain or create an uneven-aged condition in the stand until, over time, all ages and sizes of trees are represented. The high residual stocking and crown closure favours species that are tolerant of shade such as maple, beech and hemlock.
A49: 5.3.6b | B49: Restocking
B50: 3804 ha restocked by replanting 2011-2019
B51: 10,736 ha restocked by natural regeneration 2011-2019
A53: 5.3.7 | B53: Principal harvesting techniques
B54: Hand falling, skidding; feller/buncher, skidding; cut-to-length harvested/forwarder.
A58: 5.4 | B58: SUSTAINED YIELD
A59: 5.4.1 | B59: Annual allowable cut (cu.m.yr)
B60: 271,998 cu m (FMP-13, 2021-2131)
A63: 5.4.2 | B63: Assumptions and sources of data on which estimates are based
B64: Forest Resource Inventory is performed by MNRF, whose responsibility it is to approve the AAC. AAC calc based on growth and yield curves adjusted by the objectives of the FMP, primarily by limitations inherent in protection for diversity and habitat. The AAC is calculated by OVFI, documented in the Analysis Package of the FMP.
A65: 5.4.3 | B65: Rationale for annual harvest in terms of volumes and species
B66: Based on Forest Resource Inventory, predicting volumes and species harvested from the Annual Harvest Area (AHA).
A67: 5.4.4 | B67: Actual historical production
B68: 849,273 cu meters in last five years.
A72: 5.4.5 | B72: Current production
B73: White Pine 65742 cu m
B74: Red Pine 51,819 cu m
B75: Jack Pine 230 cu m
B76: Spruce 2216 cu m
B77: Hemlock 183 cu m
B78: Balsam Fir 638 cu m
B79: Cedar 645 cu m
B80: Larch 1 cu m
B81: Maple 17,683 cu m
B82: Yellow Birch 574 cu m
B83: White Birch 2488 cu m
B84: Oak 18,222 cu m
... B92: Mixed wood 4228 cu m
A93: 5.4.6 | B93: Projected production
B94: White Pine 65742 cu m
B95: Red Pine 51,819 cu m
B96: Jack Pine 230 cu m
B97: Spruce 2216 cu m
B98: Hemlock 183 cu m
B99: Balsam Fir 638 cu m
B100: Cedar 645 cu m
B101: Larch 1 cu m
B102: Maple 17,683 cu m
B103: Yellow Birch 574 cu m
B104: White Birch 2488 cu m
B105: Oak 18,222 cu m
... B114: The projected production is a duplicate of last year's production because there is no way to project this.
A116: 5.5 | B116: ENVIRONMENT AND BIODIVERSITY
A117: 5.5.1 | B117: Environmental safeguards
B118: Fifteen areas dominated by white and/or red pine that have not been disturbed in at least 30 years were set aside in 1996 as candidate old growth protection areas.
B119: There are a total of 42 provincial significant wetlands documented in the Natural Resource Values Information System in the Ottawa Valley Forest, covering 17,146 hectares. Crown land portions of some evaluated wetlands will be protected by designation as Conservation Reserves under the Public Lands Act. Populations of rare trees encountered at the stand level will be maintained or enhanced using site specific Forest Operations Prescriptions. Collectively, the Provincial Parks, Conservation Reserves, Enhanced Management Areas and ANSIs within the Ottawa Valley Forest contribute to Ontario’s goals of protecting representative ecosystems and natural features.
B120: Management Areas and ANSIs within the Ottawa Valley Forest contribute to Ontario’s goals of protecting representative ecosystems and natural features.
A122: 5.5.2 | B122: Management strategy for the identification and protection of rare, threatened and endangered species;
B123: The following HCVF values were identified in the HCVF assessment report: Sources of information: FMP, the SAR list for Pembroke District, HCVFs considered in adjacent or comparable FSC HCVF reports, or suggested by reviewers or local experts Following the analysis, the study resulted in identification of 19 HCVFs and 5 potential HCVFs (Flooded Jellyskin has been removed from the ESA list) which are summarized in the Table 2 of the report – Summary of Value by HCV Status, Category, and Question
A125: 5.5.3 | B125: Description of High Conservation Values present
B126: HCV 1 -Species Diversity HCV 2 -Landscape-level ecosystems and mosaics HCV 3 -Ecosystems and habitats HCV 4 -Critical ecosystem services HCV 6 - Cultural values
A128: 5.5.4 | B128: Chemical pesticides used within the forest area and reason for use
B129: Vision-Max (glyphosate), is the only herbicide used in the last year, for site preparation, to ensure survival of conifer and red oak regeneration in the critical establishment period.
A131: 5.6 | B131: SOCIAL AND COMMUNITY ISSUES
B132: The company has been advised that parcels that will leave Crown ownership, once the Final Agreement is signed between the Algonquins and Ontario, will be managed by OVFI until the transfer takes place, an undetermined time. Endangered species regulations for seasonal closures for Blanding turtles is seriously impacting the harvesters economically, because activity is restricted in some prime operating months.
A133: 5.7 | B133: SUMMARY OF MONITORING ACTIVITIES
...

Sheet 5a MA Group
A1: 5a | B1: THE GROUP
A2: 5a.1 | B2: Group manager/entity description
B3: (specify type of operation, year established, number of sites)
A6: 5a.2 | B6: Ownership of the land, forest and forest management enterprise
B7: See list of group members in Annex 7
A9: 5a.3 | B9: Responsibility of Group Manager
C11: If Ecosystem Services are within the scope clearly describe the separation of responsibilities between manager & member
A12: 5a.4 | B12: Responsibility of Group Members
C14: If Ecosystem Services are within the scope clearly describe the separation of responsibilities between manager & member
A15: 5a.5 | B15: System for assessment and demonstration of compliance with forest management standard
A18: 5a.6 | B18: Compliance with FSC group requirements
B19: See Group standard and checklist Annex 6
A21: 5 | B21: THE FOREST - edit text in blue as appropriate and change to black text and change to black text before submitting report for review
A22: 5.1 | B22: GENERAL BACKGROUND ABOUT THE OPERATION
B23: Total area (hectares)
B24: Site 1:
B25: Site 2:
B26: etc
A27: 5.1.1 | B27: Type of operation and year established
B28: Site 1:
B29: Site 2:
B30: etc
A31: 5.1.2 | B31: Ownership of the land, forest and forest management enterprise
B32: Site 1: | C32: Government/Community/Private/Indigenous/Public
B33: Site 2: | C33: Government/Community/Private/Indigenous/Public
B34: etc | C34: Government/Community/Private/Indigenous/Public
A35: 5.2 | B35: TENURE
A36: 5.2.1 | B36: Forest Owner/manager’s tenure
B37: Site 1: | C37: State/Concession/Community/Private/Indigenous/Public/ Church
B38: Site 2: | C38: State/Concession/Community/Private/Indigenous/Public/ Church
B39: etc | C39: State/Concession/Community/Private/Indigenous/Public/ Church
A40: 5.2.2 | B40: Third party tenure and use rights
B41: Site 1:
B42: Site 2:
B43: etc
A45: 5.2.3 | B45: Forest Owner/manager’s other activity or areas managed
B46: Site 1:
B47: Site 2:
B48: etc
A50: 5.2.4 | B50: Land use history and profile of adjacent lands
B51: Site 1:
B52: Site 2:
B53: etc
A55: 5.3 | B55: SUMMARY OF FOREST MANAGEMENT
A56: 5.3.1 | B56: Structure of management organisation
B57: Site 1:
B58: Site 2:
B59: etc
A61: 5.3.2 | B61: Description of Management System
B62: Documented system / Centralised policies and procedures
B63: Description of resources available: technical (ie. equipment) and human (ie no. of people /relevant training/access to expert advice). Training systems for whole group should be recorded
A66: 5.3.3 | B66: Total management area and main divisions
B67: general: | C67: a general description of the group as a whole
B68: Site 1: | C68: specific site description
B69: Site 2:
B70: etc
A72: 5.3.4 | B72: Forest description
A73: 5.3.4a | B73: Forest type
B74: Site 1: | C74: Plantation / Semi-Natural / Mixed Plantation & Semi-Natural
B75: Site 2: | C75: Plantation / Semi-Natural / Mixed Plantation & Semi-Natural
B76: etc | C76: Plantation / Semi-Natural / Mixed Plantation & Semi-Natural
A77: 5.3.4b | B77: Forest Composition
B78: Site 1: | C78: Broad-leaved/ Coniferous/ Broad-leaved dominant/ Coniferous dominant
B79: Site 2: | C79: Broad-leaved/ Coniferous/ Broad-leaved dominant/ Coniferous dominant
B80: etc | C80: Broad-leaved/ Coniferous/ Broad-leaved dominant/ Coniferous dominant
A81: 5.3.4c | B81: Plantation species category
B82: Site 1: | C82: Not applicable /Indigenous /Exotic / Mixed Indigenous and exotic
B83: Site 2: | C83: Not applicable /Indigenous /Exotic / Mixed Indigenous and exotic
B84: etc | C84: Not applicable /Indigenous /Exotic / Mixed Indigenous and exotic
A85: 5.3.4d | B85: Forest production
B86: Site 1: | C86: x ha Production forest, x ha Protected forest, x ha managed for Non Timber Products or Services
B87: Site 2: | C87: x ha Production forest, x ha Protected forest, x ha managed for Non Timber Products or Services
B88: etc | C88: x ha Production forest, x ha Protected forest, x ha managed for Non Timber Products or Services
A90: 5.3.5 | B90: Management objectives
B91: Site 1:
B92: Site 2:
B93: etc
A95: 5.3.6 | B95: Silviculture and/or forest management systems
A96: 5.3.6a | B96: General description
B97: Site 1:
B98: Site 2:
B99: etc
A100: 5.3.6b | B100: Restocking
B101: Site 1: | C101: x ha restocked by replanting, x ha restocked by natural regeneration
B102: Site 2: | C102: x ha restocked by replanting, x ha restocked by natural regeneration
B103: etc | C103: x ha restocked by replanting, x ha restocked by natural regeneration
A104: 5.3.7 | B104: Principal harvesting techniques
B105: Site 1:
B106: Site 2:
B107: etc
A109: 5.4 | B109: SUSTAINED YIELD
A110: 5.4.1 | B110: Annual allowable cut (cu.m.yr)
B111: Site 1:
B112: Site 2:
B113: etc
A114: 5.4.2 | B114: Assumptions and sources of data on which estimates are based
B115: Site 1:
B116: Site 2:
B117: etc
A119: 5.4.3 | B119: Rationale for annual harvest in terms of volumes and species
...

Sheet 6 S1
A1: 6 | B1: FIRST SURVEILLANCE - edit text in blue as appropriate and change to black text before submitting report for review
A2: 6.1 | B2: Surveillance Assessment dates
B5: Itinerary
B6: (Date) Opening meeting and attendees
B7: (Date) Audit: Review of documentation [& Group systems], staff interviews
B8: (Date) Stakeholder meetings
B9: (Date) Site visit [Group member (Name);] FMU (Name)
B10: (Date) Site visit [Group member (Name);] FMU (Name)
B11: (Date) Document review
B12: (Date) Auditors meeting
B13: (Date) Closing meeting and attendees
A15: 6.2 | B15: Estimate of person days to complete surveillance assessment
B16: Summary of person days including time spent on preparatory work, actual audit days, consultation and report writing (excluding travel to the region)
B18: Justification for increasing and decreasing factors
B19: Factors increasing auditing time: Infrastructure, Difficult stakeholder context, Significant # of stakeholder concerns, New complaints, New country/region, # of open CARs, Indigenous Peoples present, HCVs present.
B20: Factors decreasing auditing time: Plantations, Limited forestry activities, Group and multiple MU certificates.
A22: 6.3 | B22: Surveillance Assessment team
B23: The assessment team consisted of:
B24: 1) name (Audit Team Leader) summary of relevant expertise
B25: 2) name (Auditor) summary of relevant expertise
B26: 3) name (Technical Expert) summary of relevant expertise
B27: 4) name (Translator) summary of relevant expertise
B28: Team members’ c.v.’s are held on file.
A30: 6.3.1 | B30: Report author
A33: 6.4 | B33: Assessment process
B34: E.g. The assessment involved review of relevant group and management planning documentation and records, site visits, discussion with forest managers and workers and completion of the group and forest management checklists. The number of sites selected was based on the sampling calculation given in Annex 8. Sites were selected to include areas of recent or on-going operations, areas of public access, areas of conservation value and to include group members not previously visited by SA Cert.
A36: 6.4.1 | B36: Criteria assessed at audit
B37: All FSC principles and criteria were assessed
A38: OR | B38: Criteria were selected for assessment based on •areas of potential weakness /related to previous CARs or issues, • related to stakeholder comments received, • where there have been changes in management/scope, • relating to key objectives and on going activities and • to ensure that all principles are assessed at least once during the 4 surveillance visits • where there is a high risk of non-compliance to a new standard. AND any significant changes to a standard.
B39: The following criteria were assessed:
A41: 6.5 | B41: Stakeholder consultation
B42: x consultees were contacted
B43: x responses were received
B44: Consultation was carried out on day/month/200x
B45: x visits/interviews were held by phone/in person during audit…
B46: See A2 for summary of issues raised by stakeholders and SA Cert response
A48: 6.6 | B48: Review of corrective actions
B49: Action taken in relation to previously issued conditions is reviewed given in Section 2 of this report.
A51: 6.7 | B51: Justification for selection of items and places inspected
B52: Main sites visited in each FMU
B53: E.g. 12.5.18 Document review at site office - management planning documentation and records reviewed in office with managers.
B54: E.g. 13.5.18 compartment 15 visited at FMU 1, harvesting in progress observed, contractors interviewed, yield control discussed with manager.
B55: etc.
A57: 6.7.1 | B57: Records reviewed:
A58: a) | B58: Complaints received
B59: None OR describe any complaints received by forest manager/owner and how dealt with
A60: b) | B60: Number of accidents in forest work (serious / fatal) since last audit:
B61: Whole group:
A62: c) | B62: List of chemical pesticides used within the forest area since the last audit, summarised quantitative data on their use (amount and area) and reason for use;
B63: Record the quantitative data in A1.1 Pesticides.
A64: d) | B64: Training records:
B65: describe results of review of training records
A66: e) | B66: Operational plan(s) for next 12 months:
A68: f) | B68: Inventory records:
A70: g) | B70: Harvesting records:
A72: h) | B72: Records of sales of FSC certified products:
B73: describe copies of invoices, shipping documents seen
A74: i) | B74: Groups only: Formal communication/written documents sent to group members by group manager in last year:
A77: 6.8 | B77: Tracking, tracing and identification of products
B80: Excision/Partial certification - Description of the controls that are in place to prevent confusion being generated as to which activities or products are certified, and which are not:
A81: 6.9 | B81: Secondary Processing by Forest Manager
B82: None/Subject of separate Chain of Custody report
A85: 6.1 | B85: Adaptations/Modifications to Standard(s)
B86: There were no changes to the standard used in the previous assessment
A87: OR | B87: The forest was assessed against the new National Forest Stewardship Standard (NFSS) which was published for Country: FSC-STD-name and version, Approved; Date. Available at https://fsc.org/en/document-center
A88: OR | B88: The forest was assessed againtst a new Interim National Standard (INS) which was published for Country: FSC-STD-name and version, Approved; Date. Available at https://fsc.org/en/document-center
A91: 6.11 | B91: Confirmation of scope
B92: The assessment team reviewed the current scope of the certificate in terms of FSC certified forest area and products being produced. There was no change since the previous evaluation.
B93: New areas have been excised according to FSC-POL-20-003 The excision of areas from the scope of the certificate. See 1.4.17 description and reasons, 6.8 for controls & 6.14 issues for compliance with the policy.
A94: 6.12 | B94: Changes to management situation
B95: The assessment team reviewed the management situation. No material changes to the management situation were noted.
B96: New FMU's are under the responsibility (owner - share or partial/manager/consultant/other) of the certificate holder and the FSC-POL-20-002 partial certification of large ownerships policy has been followed - see 1.4.7 description and reason, 6.8 for controls and A1 FM checklist criteria 1.6 and for compliance with the policy.
A97: 6.13 | B97: Results of surveillance assessment
B98: Results of the surveillance assessment are recorded in the standard and checklist Annex 1 and any Non-compliances identified are given in Section 2 of this report. See also Issues arising below.
A100: 6.14 | B100: Issues arising
B101: Where an issue was difficult to assess or contradictory evidence was identified this is discussed in the section below as an Issue and the conclusions drawn given.
A102: Ref | B102: Issue
A103: WGCS x.x
A104: FSC x.x
A105: UKWAS x.x, FSC x.x
A106: etc

Sheet 7 S2
A1: 7 | B1: SECOND SURVEILLANCE - edit text in blue as appropriate and change to black text before submitting report for review
A2: 7.1 | B2: Surveillance Assessment dates
B5: Itinerary
B6: (Date) Opening meeting
B7: (Date) Audit: Review of documentation [& Group systems], staff interviews
B8: (Date) Stakeholder meetings
B9: (Date) Site visit [Group member (Name);] FMU (Name)
B10: (Date) Site visit [Group member (Name);] FMU (Name)
B11: (Date) Document review
B12: (Date) Auditors meeting
B13: (Date) Closing meeting
A15: 7.2 | B15: Estimate of person days to complete surveillance assessment
B16: Summary of person days including time spent on preparatory work, actual audit days, consultation and report writing (excluding travel to the region)
B18: Justification for increasing and decreasing factors
B19: Factors increasing auditing time: Infrastructure, Difficult stakeholder context, Significant # of stakeholder concerns, New complaints, New country/region, # of open CARs, Indigenous Peoples present, HCVs present.
B20: Factors decreasing auditing time: Plantations, Limited forestry activities, Group and multiple MU certificates.
A22: 7.3 | B22: Surveillance Assessment team
B23: The assessment team consisted of:
B24: 1) name (Audit Team Leader) summary of relevant expertise
B25: 2) name (Auditor) summary of relevant expertise
B26: 3) name (Technical Expert) summary of relevant expertise
B27: 4) name (Translator) summary of relevant expertise
B28: Team members’ c.v.’s are held on file.
A30: 7.3.1 | B30: Report author
A33: 7.4 | B33: Assessment process
B34: E.g. The assessment involved review of relevant group and management planning documentation and records, site visits, discussion with forest managers and workers and completion of the group and forest management checklists. The number of sites selected was based on the sampling calculation given in Annex 8. Sites were selected to include areas of recent or on-going operations, areas of public access, areas of conservation value and to include group members not previously visited by SA Cert.
A36: 7.4.1 | B36: Criteria assessed at audit
B37: All FSC principles and criteria were assessed
A38: OR | B38: Criteria were selected for assessment based on •areas of potential weakness /related to previous CARs or issues, • related to stakeholder comments received, • where there have been changes in management/scope, • relating to key objectives and on going activities and • to ensure that all principles are assessed at least once during the 4 surveillance visits • where there is a high risk of non-compliance to a new standard. AND any significant changes to a standard.
B39: The following criteria were assessed:
A41: 7.5 | B41: Stakeholder consultation
B42: x consultees were contacted
B43: x responses were received
B44: Consultation was carried out on day/month/200x
B45: x visits/interviews were held by phone/in person during audit…
B46: See A2 for summary of issues raised by stakeholders and SA Cert response
A48: 7.6 | B48: Review of corrective actions
B49: Action taken in relation to previously issued conditions is reviewed given in Section 2 of this report.
A51: 7.7 | B51: Justification for selection of items and places inspected
B52: Main sites visited in each FMU
B53: E.g. 12.5.18 Document review at site office - management planning documentation and records reviewed in office with managers.
B54: E.g. 13.5.18 compartment 15 visited at FMU 1, harvesting in progress observed, contractors interviewed, yield control discussed with manager.
B55: etc.
A57: 7.7.1 | B57: Records reviewed:
A58: a) | B58: Complaints received
B59: None OR describe any complaints received by forest manager/owner and how dealt with
A60: b) | B60: Number of accidents in forest work (serious / fatal) since last audit:
B61: Whole group:
A62: c) | B62: List of chemical pesticides used within the forest area since the last audit, summarised quantitative data on their use (amount and area) and reason for use;
B63: Record the quantitative data in A1.1 Pesticides.
A64: d) | B64: Training records:
B65: describe results of review of training records
A66: e) | B66: Operational plan(s) for next 12 months:
A68: f) | B68: Inventory records:
A70: g) | B70: Harvesting records:
A72: h) | B72: Records of sales of FSC certified products:
B73: describe copies of invoices, shipping documents seen
A74: i) | B74: Groups only: Formal communication/written documents sent to group members by group manager in last year:
A77: 7.8 | B77: Tracking, tracing and identification of products
B80: Excision/Partial certification - Description of the controls that are in place to prevent confusion being generated as to which activities or products are certified, and which are not:
A81: 7.9 | B81: Secondary Processing by Forest Manager
B82: None/Subject of separate Chain of Custody report
A85: 7.1 | B85: Adaptations/Modifications to Standard(s)
B86: There were no changes to the standard used in the previous assessment
A87: OR | B87: The forest was assessed against the new National Forest Stewardship Standard (NFSS) which was published for Country: FSC-STD-name and version, Approved; Date. Available at https://fsc.org/en/document-center
A88: OR | B88: The forest was assessed againtst a new Interim National Standard (INS) which was published for Country: FSC-STD-name and version, Approved; Date. Available at https://fsc.org/en/document-center
A90: 7.11 | B90: Confirmation of scope
B91: The assessment team reviewed the current scope of the certificate in terms of FSC certified forest area and products being produced. There was no change since the previous evaluation.
B92: New areas have been excised according to FSC-POL-20-003 The excision of areas from the scope of the certificate. See 1.4.17 description and reasons, 6.8 for controls & 6.14 issues for compliance with the policy.
A93: 7.12 | B93: Changes to management situation
B94: The assessment team reviewed the management situation. No material changes to the management situation were noted.
B95: New FMU's are under the responsibility (owner - share or partial/manager/consultant/other) of the certificate holder and the FSC-POL-20-002 partial certification of large ownerships policy has been followed - see 1.4.7 description and reason, 6.8 for controls and A1 FM checklist criteria 1.6 and for compliance with the policy.
A96: 7.13 | B96: Results of surveillance assessment
B97: Results of the surveillance assessment are recorded in the standard and checklist Annex 1 and any Non-compliances identified are given in Section 2 of this report. See also Issues arising below.
A99: 7.14 | B99: Issues arising
B100: Where an issue was difficult to assess or contradictory evidence was identified this is discussed in the section below as an Issue and the conclusions drawn given.
A101: Ref | B101: Issue
A102: WGCS x.x
A103: FSC x.x
A104: UKWAS x.x, FSC x.x
A105: etc

Sheet 8 S3
A1: 8 | B1: THIRD SURVEILLANCE - edit text in blue as appropriate and change to black text before submitting report for review
A2: 8.1 | B2: Surveillance Assessment dates
B5: Itinerary
B6: (Date) Opening meeting
B7: (Date) Audit: Review of documentation [& Group systems], staff interviews
B8: (Date) Stakeholder meetings
B9: (Date) Site visit [Group member (Name);] FMU (Name)
B10: (Date) Site visit [Group member (Name);] FMU (Name)
B11: (Date) Document review
B12: (Date) Auditors meeting
B13: (Date) Closing meeting
A15: 8.2 | B15: Estimate of person days to complete surveillance assessment
B16: Summary of person days including time spent on preparatory work, actual audit days, consultation and report writing (excluding travel to the region)
B18: Justification for increasing and decreasing factors
B19: Factors increasing auditing time: Infrastructure, Difficult stakeholder context, Significant # of stakeholder concerns, New complaints, New country/region, # of open CARs, Indigenous Peoples present, HCVs present.
B20: Factors decreasing auditing time: Plantations, Limited forestry activities, Group and multiple MU certificates.
A22: 8.3 | B22: Surveillance Assessment team
B23: The assessment team consisted of:
B24: 1) name (Audit Team Leader) summary of relevant expertise
B25: 2) name (Auditor) summary of relevant expertise
B26: 3) name (Technical Expert) summary of relevant expertise
B27: 4) name (Translator) summary of relevant expertise
B28: Team members’ c.v.’s are held on file.
A30: 8.3.1 | B30: Report author
A33: 8.4 | B33: Assessment process
B34: E.g. The assessment involved review of relevant group and management planning documentation and records, site visits, discussion with forest managers and workers and completion of the group and forest management checklists. The number of sites selected was based on the sampling calculation given in Annex 8. Sites were selected to include areas of recent or on-going operations, areas of public access, areas of conservation value and to include group members not previously visited by SA Cert.
A36: 8.4.1 | B36: Criteria assessed at audit
B37: All FSC principles and criteria were assessed
A38: OR | B38: Criteria were selected for assessment based on •areas of potential weakness /related to previous CARs or issues, • related to stakeholder comments received, • where there have been changes in management/scope, • relating to key objectives and on going activities and • to ensure that all principles are assessed at least once during the 4 surveillance visits • where there is a high risk of non-compliance to a new standard. AND any significant changes to a standard.
B39: The following criteria were assessed:
A41: 8.5 | B41: Stakeholder consultation
B42: x consultees were contacted
B43: x responses were received
B44: Consultation was carried out on day/month/200x
B45: x visits/interviews were held by phone/in person during audit…
B46: See A2 for summary of issues raised by stakeholders and SA Cert response
A48: 8.6 | B48: Review of corrective actions
B49: Action taken in relation to previously issued conditions is reviewed given in Section 2 of this report.
A51: 8.7 | B51: Justification for selection of items and places inspected
B52: Main sites visited in each FMU
B53: E.g. 12.5.18 Document review at site office - management planning documentation and records reviewed in office with managers.
B54: E.g. 13.5.18 compartment 15 visited at FMU 1, harvesting in progress observed, contractors interviewed, yield control discussed with manager.
B55: etc.
A57: 8.7.1 | B57: Records reviewed:
A58: a) | B58: Complaints received
B59: None OR describe any complaints received by forest manager/owner and how dealt with
A60: b) | B60: Number of accidents in forest work (serious / fatal) since last audit:
B61: Whole group:
A62: c) | B62: List of chemical pesticides used within the forest area since the last audit, summarised quantitative data on their use (amount and area) and reason for use;
B63: Record the quantitative data in A1.1 Pesticides.
A64: d) | B64: Training records:
B65: describe results of review of training records
A66: e) | B66: Operational plan(s) for next 12 months:
A68: f) | B68: Inventory records:
A70: g) | B70: Harvesting records:
A72: h) | B72: Records of sales of FSC certified products:
B73: describe copies of invoices, shipping documents seen
A74: i) | B74: Groups only: Formal communication/written documents sent to group members by group manager in last year:
A77: 8.8 | B77: Tracking, tracing and identification of products
B80: Excision/Partial certification - Description of the controls that are in place to prevent confusion being generated as to which activities or products are certified, and which are not:
A81: 8.9 | B81: Secondary Processing by Forest Manager
B82: None/Subject of separate Chain of Custody report
A84: 8.1 | B84: Adaptations/Modifications to Standard(s)
B85: There were no changes to the standard used in the previous assessment
A86: OR | B86: The forest was assessed against the new National Forest Stewardship Standard (NFSS) which was published for Country: FSC-STD-name and version, Approved; Date. Available at https://fsc.org/en/document-center
A87: OR | B87: The forest was assessed againtst a new Interim National Standard (INS) which was published for Country: FSC-STD-name and version, Approved; Date. Available at https://fsc.org/en/document-center
A89: 8.11 | B89: Confirmation of scope
B90: The assessment team reviewed the current scope of the certificate in terms of FSC certified forest area and products being produced. There was no change since the previous evaluation.
B91: New areas have been excised according to FSC-POL-20-003 The excision of areas from the scope of the certificate. See 1.4.17 description and reasons, 6.8 for controls & 6.14 issues for compliance with the policy.
A92: 8.12 | B92: Changes to management situation
B93: The assessment team reviewed the management situation. No material changes to the management situation were noted.
B94: New FMU's are under the responsibility (owner - share or partial/manager/consultant/other) of the certificate holder and the FSC-POL-20-002 partial certification of large ownerships policy has been followed - see 1.4.7 description and reason, 6.8 for controls and A1 FM checklist criteria 1.6 and for compliance with the policy.
A95: 8.13 | B95: Results of surveillance assessment
B96: Results of the surveillance assessment are recorded in the standard and checklist Annex 1 and any Non-compliances identified are given in Section 2 of this report. See also Issues arising below.
A98: 8.14 | B98: Issues arising
B99: Where an issue was difficult to assess or contradictory evidence was identified this is discussed in the section below as an Issue and the conclusions drawn given.
A100: Ref | B100: Issue
A101: WGCS x.x
A102: FSC x.x
A103: UKWAS x.x, FSC x.x
A104: etc

Sheet 9 S4
A1: 9 | B1: FOURTH SURVEILLANCE - edit text in blue as appropriate and change to black text before submitting report for review
A2: 9.1 | B2: Surveillance Assessment dates
B5: Itinerary
B6: (Date) Opening meeting
B7: (Date) Audit: Review of documentation [& Group systems], staff interviews
B8: (Date) Stakeholder meetings
B9: (Date) Site visit [Group member (Name);] FMU (Name)
B10: (Date) Site visit [Group member (Name);] FMU (Name)
B11: (Date) Document review
B12: (Date) Auditors meeting
B13: (Date) Closing meeting
A15: 9.2 | B15: Estimate of person days to complete surveillance assessment
B16: Summary of person days including time spent on preparatory work, actual audit days, consultation and report writing (excluding travel to the region)
B18: Justification for increasing and decreasing factors
B19: Factors increasing auditing time: Infrastructure, Difficult stakeholder context, Significant # of stakeholder concerns, New complaints, New country/region, # of open CARs, Indigenous Peoples present, HCVs present.
B20: Factors decreasing auditing time: Plantations, Limited forestry activities, Group and multiple MU certificates.
A22: 9.3 | B22: Surveillance Assessment team
B23: The assessment team consisted of:
B24: 1) name (Audit Team Leader) summary of relevant expertise
B25: 2) name (Auditor) summary of relevant expertise
B26: 3) name (Technical Expert) summary of relevant expertise
B27: 4) name (Translator) summary of relevant expertise
B28: Team members’ c.v.’s are held on file.
A30: 9.3.1 | B30: Report author
A33: 9.4 | B33: Assessment process
B34: E.g. The assessment involved review of relevant group and management planning documentation and records, site visits, discussion with forest managers and workers and completion of the group and forest management checklists. The number of sites selected was based on the sampling calculation given in Annex 8. Sites were selected to include areas of recent or on-going operations, areas of public access, areas of conservation value and to include group members not previously visited by SA Cert.
A36: 9.4.1 | B36: Criteria assessed at audit
B37: All FSC principles and criteria were assessed
A38: OR | B38: Criteria were selected for assessment based on •areas of potential weakness /related to previous CARs or issues, • related to stakeholder comments received, • where there have been changes in management/scope, • relating to key objectives and on going activities and • to ensure that all principles are assessed at least once during the 4 surveillance visits • where there is a high risk of non-compliance to a new standard. AND any significant changes to a standard.
B39: The following criteria were assessed:
A41: 9.5 | B41: Stakeholder consultation
B42: x consultees were contacted
B43: x responses were received
B44: Consultation was carried out on day/month/200x
B45: x visits/interviews were held by phone/in person during audit…
B46: See A2 for summary of issues raised by stakeholders and SA Cert response
B48: Review of corrective actions
A49: 9.6 | B49: Action taken in relation to previously issued conditions is reviewed given in Section 2 of this report.
B51: Justification for selection of items and places inspected
A52: 9.7 | B52: Main sites visited in each FMU
B53: E.g. 12.5.18 Document review at site office - management planning documentation and records reviewed in office with managers.
B54: E.g. 13.5.18 compartment 15 visited at FMU 1, harvesting in progress observed, contractors interviewed, yield control discussed with manager.
B55: etc.
A57: 9.7.1 | B57: Records reviewed:
A58: a) | B58: Complaints received
B59: None OR describe any complaints received by forest manager/owner and how dealt with
A60: b) | B60: Number of accidents in forest work (serious / fatal) since last audit:
B61: Whole group:
A62: c) | B62: List of chemical pesticides used within the forest area since the last audit, summarised quantitative data on their use (amount and area) and reason for use;
B63: Record the quantitative data in A1.1 Pesticides.
A64: d) | B64: Training records:
B65: describe results of review of training records
A66: e) | B66: Operational plan(s) for next 12 months:
A68: f) | B68: Inventory records:
A70: g) | B70: Harvesting records:
A72: h) | B72: Records of sales of FSC certified products:
B73: describe copies of invoices, shipping documents seen
A74: i) | B74: Groups only: Formal communication/written documents sent to group members by group manager in last year:
A77: 9.8 | B77: Tracking, tracing and identification of products
B80: Excision/Partial certification - Description of the controls that are in place to prevent confusion being generated as to which activities or products are certified, and which are not:
A81: 9.9 | B81: Secondary Processing by Forest Manager
B82: None/Subject of separate Chain of Custody report
A84: 9.1 | B84: Adaptations/Modifications to Standard(s)
B85: There were no changes to the standard used in the previous assessment
A86: OR | B86: The forest was assessed against the new National Forest Stewardship Standard (NFSS) which was published for Country: FSC-STD-name and version, Approved; Date. Available at https://fsc.org/en/document-center
A87: OR | B87: The forest was assessed againtst a new Interim National Standard (INS) which was published for Country: FSC-STD-name and version, Approved; Date. Available at https://fsc.org/en/document-center
A89: 9.11 | B89: Confirmation of scope
B90: The assessment team reviewed the current scope of the certificate in terms of FSC certified forest area and products being produced. There was no change since the previous evaluation.
B91: New areas have been excised according to FSC-POL-20-003 The excision of areas from the scope of the certificate. See 1.4.17 description and reasons, 6.8 for controls & 6.14 issues for compliance with the policy.
A92: 9.12 | B92: Changes to management situation
B93: The assessment team reviewed the management situation. No material changes to the management situation were noted.
B94: New FMU's are under the responsibility (owner - share or partial/manager/consultant/other) of the certificate holder and the FSC-POL-20-002 partial certification of large ownerships policy has been followed - see 1.4.7 description and reason, 6.8 for controls and A1 FM checklist criteria 1.6 and for compliance with the policy.
A95: 9.13 | B95: Results of surveillance assessment
B96: Results of the surveillance assessment are recorded in the standard and checklist Annex 1 and any Non-compliances identified are given in Section 2 of this report. See also Issues arising below.
A98: 9.14 | B98: Issues arising
B99: Where an issue was difficult to assess or contradictory evidence was identified this is discussed in the section below as an Issue and the conclusions drawn given.
A100: Ref | B100: Issue
A101: WGCS x.x
A102: FSC x.x
A103: UKWAS x.x, FSC x.x
A104: etc

Sheet NFSS checklist
C1: Soil Association Generic Checklist for National Forest Stewardship Standards (NFSS)/ Interim National Standard (INS) based on FSC-STD-01-001 V5-2 EN ST-FM-006-02 April 2019 FSC® Licence Code A000525 | J1: ** Where translation NOT required - please hide/delete columns H-L ** ** Where translation IS required please translate tables below and replace this cell with translated name of standard as on the English version OR translate line by line below the English language in column C and delete/hide rows H-L**
C3: NFSS/INS title: | J3: NFSS/INS title:
C4: FSC National Forest Stewardship Standard of Canada
C5: Document reference code: | J5: Document reference code:
C6: FSC-STD-CAN-01-2018 EN
C7: Geographical scope: | J7: Geographical scope:
C8: Canada
C9: Forest scope: | J9: Forest scope:
C10: All forest types, except small-scale forests*, low intensity forests* and community forests*.
C11: Effective date: | J11: Effective date:
C12: 01.01.2020
C13: Date checklist created: | J13: Date checklist created:
C14: 43657
C15: Summary of changes since the previous audit: | J15: Summary of changes since the previous audit:
C18: Summary for each FSC® Principle | D18: Y/N | E18: CAR # | J18: Summary for each FSC Principle | K18: Y/N | L18: CAR #
C19: FSC PRINCIPLE #1: COMPLIANCE WITH LAWS The Organization* shall* comply with all applicable laws, regulations and nationally-ratified international treaties, conventions and agreements. | D19: Y | J19: FSC PRINCIPLE #1: COMPLIANCE WITH LAWS The Organization* shall* comply with all applicable laws, regulations and nationally-ratified international treaties, conventions and agreements.
C20: FSC PRINCIPLE #2: WORKERS' RIGHTS AND EMPLOYMENT CONDITIONS The Organization* shall* maintain and/or enhance the social and economic wellbeing of workers. | D20: Y | E20: 2021.1 | J20: FSC PRINCIPLE #2: WORKERS' RIGHTS AND EMPLOYMENT CONDITIONS The Organization* shall* maintain and/or enhance the social and economic wellbeing of workers.
C21: FSC PRINCIPLE #3: INDIGENOUS PEOPLES' RIGHTS The Organization* shall identify and uphold* indigenous peoples’*legal* and customary rights* of ownership, use and management of land, territories and resources affected by management activities. | D21: Y | J21: FSC PRINCIPLE #3: INDIGENOUS PEOPLES' RIGHTS The Organization* shall identify and uphold* indigenous peoples’*legal* and customary rights* of ownership, use and management of land, territories and resources affected by management activities.
C22: FSC PRINCIPLE #4: COMMUNITY RELATIONS The Organization* shall* contribute to maintaining or enhancing the social and economic wellbeing of local communities*. | D22: Y | J22: FSC PRINCIPLE #4: COMMUNITY RELATIONS The Organization* shall* contribute to maintaining or enhancing the social and economic wellbeing of local communities*.
C23: FSC PRINCIPLE #5: BENEFITS FROM THE FOREST The Organization* shall efficiently manage the range of multiple products and services of the Management Unit* to maintain or enhance long term economic viability* and the range of social and environmental benefits. | D23: Y | J23: FSC PRINCIPLE #5: BENEFITS FROM THE FOREST The Organization* shall efficiently manage the range of multiple products and services of the Management Unit* to maintain or enhance long term economic viability* and the range of social and environmental benefits.
C24: FSC PRINCIPLE #6: ENVIRONMENTAL VALUES AND IMPACTS The Organization* shall* maintain, conserve and/or restore ecosystem services* and environmental values* of the Management Unit*, and shall* avoid, repair or mitigate negative environmental impacts. | D24: Y | E24: 2021.4, 2021.5 | J24: FSC PRINCIPLE #6: ENVIRONMENTAL VALUES AND IMPACTS The Organization* shall* maintain, conserve and/or restore ecosystem services* and environmental values* of the Management Unit*, and shall* avoid, repair or mitigate negative environmental impacts.
C25: FSC PRINCIPLE #7: MANAGEMENT PLANNING The Organization* shall have a management plan* consistent with its policies and objectives* and proportionate to scale, intensity and risks* of its management activities. The management plan shall be implemented and kept up to date based on monitoring information in order to promote adaptive management*. The associated planning and procedural documentation shall be sufficient to guide staff, inform affected stakeholders* and interested stakeholders* and to justify management decisions. | D25: Y | J25: FSC PRINCIPLE #7: MANAGEMENT PLANNING The Organization* shall have a management plan* consistent with its policies and objectives* and proportionate to scale, intensity and risks* of its management activities. The management plan shall be implemented and kept up to date based on monitoring information in order to promote adaptive management*. The associated planning and procedural documentation shall be sufficient to guide staff, inform affected stakeholders* and interested stakeholders* and to justify management decisions.
C26: FSC PRINCIPLE #8: MONITORING AND ASSESSMENT The Organization* shall* demonstrate that, progress towards achieving the management objectives*, the impacts of management activities and the condition of the Management Unit*, are monitored and evaluated proportionate to the scale, intensity and risk* of management activities, in order to implement adaptive management*. | D26: Y | J26: FSC PRINCIPLE #8: MONITORING AND ASSESSMENT The Organization* shall* demonstrate that, progress towards achieving the management objectives*, the impacts of management activities and the condition of the Management Unit*, are monitored and evaluated proportionate to the scale, intensity and risk* of management activities, in order to implement adaptive management*.
C27: FSC PRINCIPLE #9: HIGH CONSERVATION VALUES The Organization* shall* maintain and/or enhance the High Conservation Values* in the Management Unit* through applying the precautionary approach* | D27: Y | J27: FSC PRINCIPLE #9: HIGH CONSERVATION VALUES The Organization* shall* maintain and/or enhance the High Conservation Values* in the Management Unit* through applying the precautionary approach*
C28: FSC PRINCIPLE #10: IMPLEMENTATION OF MANAGEMENT ACTIVITIES Management activities conducted by or for The Organization* for the Management Unit* shall* be selected and implemented consistent with The Organization*’s economic, environmental and social policies and objectives* and in compliance with the Principles and Criteria collectively. | D28: Y | J28: FSC PRINCIPLE #10: IMPLEMENTATION OF MANAGEMENT ACTIVITIES Management activities conducted by or for The Organization* for the Management Unit* shall* be selected and implemented consistent with The Organization*’s economic, environmental and social policies and objectives* and in compliance with the Principles and Criteria collectively.
A30: FSC ref | B30: Audit | C30: Criteria/Indicator followed by Verifier in italics Note to checklist drafter: Insert new rows under each indicator for the NFSS/INS verifiers. | D30: Y/N | E30: CAR # | H30: FSC ref | I30: Audit | J30: Criteria/Indicator | K30: Y/N | L30: CAR #
J32: SECTION A: FSC TRADEMARK USE
C33: SECTION A: FSC® TRADEMARK REQUIREMENTS FSC-STD-50-001 Requirements for the use of the FSC trademarks by certificate holders | J33: FSC-STD-50-001 Requirements for use of the FSC trademarks by certificate holders
A34: FSC-STD-50-001 V2-0 part II | B34: A1 | C34: All on-product trademark designs meet FSC Trademark requirements e.g. label for use as log tag approved by SA Cert 5.5.18 | J34: A1. Have all on product trademark designs been approved by Soil Association Certification?
B35: MA | C35: n/a no trademark use to date. | D35: n/a | J35: Logo log records all proposed uses of the FSC Trademarks which have been submitted and records whether or not they were approved
B36: S1 | I36: =I$60 -> MA | J36: n/a no trademark use to date. | K36: n/a
B37: S2 | I37: =I$61 -> S1
B38: S3 | I38: =I$62 -> S2
B39: S4 | I39: =I$63 -> S3
I40: =I$64 -> S4
A41: FSC-STD-50-001 V2-0 part III | B41: A2 | C41: All promotional trademark designs (including website, signage, sales documents, news letters etc. as used) meet FSC Trademark requirements.
B42: MA | C42: The website trademark use is compliant. | D42: Y | J42: A2. Have all promotional trademark designs been approved by Soil Association Certification?
B43: S1 | J43: Logo log records all proposed uses of the FSC Trademarks which have been submitted and records whether or not they were approved
B44: S2 | I44: =I$60 -> MA | J44: n/a no trademark use to date. | K44: n/a
B45: S3 | I45: =I$61 -> S1
B46: S4 | I46: =I$62 -> S2
I47: =I$63 -> S3
A48: FSC-STD-50-001 V2-0 1.5 | B48: A3 | C48: All FSC trademark designs have been approved by SA Certification. | I48: =I$64 -> S4
B49: MA | C49: The website use of the trademark was approved Oct 19, 2016. | D49: Y
B50: S1
B51: S2
B52: S3
B53: S4
A55: 1 | C55: Principle 1: Compliance with Laws The Organization* shall comply with all applicable laws*, regulations and nationally- ratified* international treaties, conventions and agreements. | D55: 3.1 | H55: 1 | J55: Principle 1: Compliance with Laws The Organization* shall comply with all applicable laws*, regulations and nationally- ratified* international treaties, conventions and agreements.
A56: 1.1 | C56: The Organization* shall be a legally defined entity with clear, documented and unchallenged legal registration*, with written authorization from the legally competent* authority for specific activities. | D56: 3 | H56: 1.1 | J56: The Organization* shall be a legally defined entity with clear, documented and unchallenged legal registration*, with written authorization from the legally competent* authority for specific activities.
C57: INTENT BOX: Refer to Annex A (under section 1. Legal rights to harvest) for a list of federal and provincial laws and regulations related to this Criterion*.
C58: 1.1.1 Legal registration* to carry out all activities within the scope of the certificate granted by a legally competent* authority is documented. | J58: 1.1.1
B59: PA | I59: PA
B60: MA | C60: The management of the Ottawa Valley Forest is conducted under the authority of a 20-year Sustainable Forest License (SFL) issued by the NDMNRF ( Ottawa Valley Forest SFL # 542529). The SFL was amended March 31, 2018, with a twenty-year extension. The extension expires in 2038. A legal description of the Ottawa Valley Forest licence area is contained in the license document, including a map prepared by NDMNRF. Public web access to the licence is provided by NDMNRF on the internet at the following address: http://www.NDMNRF.gov.on.ca. | D60: Y | I60: MA
B61: S1 | I61: S1
B62: S2 | I62: S2
B63: S3 | I63: S3
B64: S4 | I64: S4
A65: 1.2 | C65: The Organization* shall demonstrate that the legal status* of the Management Unit*, including tenure* and use rights*, and its boundaries, are clearly defined. | D65: 3
C66: INTENT BOX: Refer to Annex A (under section 1. Legal rights to harvest) for a list of federal and provincial laws and regulations related to this Criterion*.
C67: 1.2.1 Legal* tenure* to manage and use resources within the scope of the certificate granted by a legally competent* authority is documented. | J67: 1.1.2
B68: PA | I68: PA
B69: =B$60 -> MA | C69: The land base that OVFI manages is owned by the provinced of Ontario. Ottawa Valley Forest Inc. was formed by a partnership of interested companies to be the holder of the Sustainable Forest Licence. The operation of the company, including the distribution of the harvest allocation, is governed by a Unanimous Shareholders Agreement. | D69: Y | I69: =I$60 -> MA
B70: =B$61 -> S1 | I70: =I$61 -> S1
B71: =B$62 -> S2 | I71: =I$62 -> S2
B72: =B$63 -> S3 | I72: =I$63 -> S3
B73: =B$64 -> S4 | I73: =I$64 -> S4
C75: 1.2.2 The boundaries of all Management Units* within the scope of the certificate are clearly marked or documented and shown on maps. | J75: 1.1.3
B76: PA | I76: PA
B77: =B$60 -> MA | C77: Maps are attached to Forest Management plans (FMPs) in Appendix A. Geographic Information System (GIS) with various layers shows company boundaries. | D77: Y | I77: =I$60 -> MA
B78: =B$61 -> S1 | I78: =I$61 -> S1
B79: =B$62 -> S2 | I79: =I$62 -> S2
B80: =B$63 -> S3 | I80: =I$63 -> S3
B81: =B$64 -> S4 | I81: =I$64 -> S4
A82: 1.3 | C82: The Organization* shall have legal* rights to operate in the Management Unit*, which fit the legal status* of The Organization and of the Management Unit, and shall comply with the associated legal obligations in applicable national and local laws* and regulations and administrative requirements. The legal rights shall provide for harvest of products and/or supply of ecosystem services* from within the Management Unit. The Organization shall pay the legally prescribed charges associated with such rights and obligations. | D82: 3
C83: INTENT BOX: Refer to Annex A for a minimum list of applicable laws*, regulations and nationally ratified* international treaties, conventions and agreements. CITES requirements are covered by the Wild Animal and Plant Protection and Regulation of International and Interprovincial Trade Act (WAPPRIITA) and other existing national legislation.
C84: 1.3.1 Forest management activities* in the Management Unit*, planned and ongoing, are carried out in compliance with: 1. Applicable laws* and regulations; 2. Administrative requirements; 3. Legal* rights; and 4. Customary rights* of Indigenous Peoples*. | H84: 1.2 | J84: The Organization* shall demonstrate that the legal status* of the Management Unit*, including tenure* and use rights*, and its boundaries, are clearly defined.
C85: INTENT BOX: In Canada, the term “customary right” is not commonly used in Indigenous rights discourse. It is much more common to use customary law*, traditional law, Natural Law or legal* traditions that are codified in written (e.g. wampum belts or sacred scrolls) and unwritten forms (e.g. songs, dances) and passed on through the generations. More importantly, though, the values, beliefs, and understanding of law are conveyed through the continuing practices, customs and traditions of the society. These practices make up the customary rights* of Indigenous Peoples*. Annex A refers to a minimum list of current laws and regulations which represent legal* rights. The identification of customary rights* that are not recognized under Canadian laws and their consideration is achieved through Principle 3.
B86: PA | J86: 1.2.1
B87: =B$60 -> MA | C87: The Ottawa Valley Forest Inc has no outstanding claims of non compliance with national and local laws and administrative requirements related to forest management. All laws related to Crown Forest Act and guides are followed. There have been some operational non-compliances that are normal for an operation of OVFI's size, with administrative penalties pending or closed with mitigation concluded. OVFI carries out internal inspections with inspectors certified by the Ministry of Natural Resources (NDMNRF). Annual public reports are produced by NDMNRF. Customary rights of indigenous peoples include non-restricted hunting and fishing for First Nations members. Ten First Nations representatives on the FMP team watch out for FN interests in the planning process. | D87: Y | I87: PA
B88: =B$61 -> S1 | I88: =I$60 -> MA
B89: =B$62 -> S2 | I89: =I$61 -> S1
B90: =B$63 -> S3 | I90: =I$62 -> S2
B91: =B$64 -> S4 | I91: =I$63 -> S3
I92: =I$64 -> S4
C93: 1.3.2 Payment is made in a timely manner* of all applicable legally prescribed charges connected with forest management.
B94: PA | J94: 1.2.2
B95: =B$60 -> MA | C95: A representative from NDMNRF verified to the auditor that all shareholder accounts of OVFI are current with stumpage payments. | D95: Y | I95: PA
B96: =B$61 -> S1 | I96: =I$60 -> MA
B97: =B$62 -> S2 | I97: =I$61 -> S1
B98: =B$63 -> S3 | I98: =I$62 -> S2
B99: =B$64 -> S4 | I99: =I$63 -> S3
A101: 1.4 | C101: The Organization* shall develop and implement measures, and/or shall engage with regulatory agencies, to systematically protect the Management Unit* from unauthorized or illegal resource use, settlement and other illegal activities. | D101: 3 | I101: =I$64 -> S4
C102: INTENT BOX: It is not always possible for The Organization* to enforce protective measures when The Organization* is not the landowner and/or does not have the legal* rights of control. In Canada, regulatory bodies have the legal* responsibility for controlling illegal activities. Measures to protect the Management Unit* from unauthorized or illegal resource use, settlement and other illegal activities emphasize prevention, rather than act ‘after the fact’.
C103: 1.4.1 Within the scope of The Organization’s* authority, measures are implemented to identify, prevent and control unauthorized or illegal harvesting, hunting, fishing, trapping, collecting, settlement and other unauthorized activities.
B104: PA | J104: 1.2.3
B105: =B$60 -> MA | C105: The NDMNRF is the lead on protection from illegal activities. On Crown lands there is strong legislation in place for demonstrating the legality of harvests and wood purchases ( CFSA, Crown Forest Sustainability Act ). The Public Lands Act deals with protection from unauthorized activities. Instances of Forest Management non-compliance are self-reported to NDMNRF by industry through the FOIP (Forest Operations Information Program) and verified by NDMNRF Compliance Inspectors. The OVF is also responsible for implementing various measures under the Public Lands Act (e.g., signage, gates and buffer zones) designed to encourage compliance with various access restrictions formalized in the forest management plan. The public lands act is administered by the NDMNRF. | D105: Y | I105: PA
B106: =B$61 -> S1 | I106: =I$60 -> MA
B107: =B$62 -> S2 | I107: =I$61 -> S1
B108: =B$63 -> S3 | I108: =I$62 -> S2
...

Sheet  A1.1 Pesticides
A1: Guidance on grading of CARs to be issued is contained in this column
A2: V3-0 Pesticides Policy is available here - https://ic.fsc.org/en/document-center/id/374 List of HHP is available here - https://fsc.org/en/document-centre/documents/resource/315.2 To view or download the approved derogations and conditions go here: https://fsc.org/en/process-page/fsc-pol-30-001-fsc-pesticides-policy Note: a List of HHP with newly listed pesticides highlighted in yellow was distributed with a Technical Update from SACL and is available on request. | D2: START HERE AND ANSWER THE QUESTIONS BELOW USING DROP-DOWN CHOICE IN COLUMN E - YES OR NO:
A3: FURTHER GUIDANCE DURING TRANSITION PERIOD IS CONTAINED IN RELEVANT TECHNICAL UPDATE
B4: 1 | D4: Does the Certificate Holder use Pesticides? | E4: YES | F4: =IF(E4="YES","Continue","STOP HERE DO NOT complete this sheet") -> Continue
B5: 2 | D5: Any Prohibited HHP usage beyond 1 August 2019 at time of audit? | E5: NO | F5: =IF(E5="YES","Complete 2a below and continue", "Record no Prohibited HHP usage and do not complete 2a") -> Record no Prohibited HHP usage and do not complete 2a
A6: Note: Existing approved derogations and their conditions remain valid until the 31st December 2020. Until that date, the CH may continue using the FSC prohibited HHP, provided that the derogation conditions are fulfilled. After 31st December 2020 the prohibited pesticides can only be used in emergency situations, or by government order. | B6: 2a | D6: Does the Certificate Holder have an existing Derogation for a Prohibited HHP? | E6: Choose from drop down | F6: =IF(E6="YES","This will remain valid until 31/12/2020, need to check conditions met. Complete A1.1.1","Complete 1.1.2 & 1.1.3 as necessary") -> Complete 1.1.2 & 1.1.3 as necessary
B7: 3 | D7: Any Highly Restricted/Restricted HHP usage beyond 1 August 2019 at time of audit? | E7: YES | F7: =IF(E7="YES","Complete 3a below and continue","Record no Restricted HHP usage and do not complete 3a/3b") -> Complete 3a below and continue
B8: 3a | D8: Is the Highly Restricted or Restricted HHP newly listed? | E8: YES | F8: =IF(E8="YES","Audit section A1.1.6 and issue Observation if non-compliant before 31 Dec 2020, Major/Minor CAR(s) if after that date"," progress to 3b") -> Audit section A1.1.6 and issue Observation if non-compliant before 31 Dec 2020, Major/Minor CAR(s) if after that date
A9: Note: For Restricted/Highly Restricted, existing approved derogations and their conditions will remain valid until their expiry date or until national HHP indicators become effective and replace the derogations. | B9: 3b | D9: Does the Certificate Holder have an existing Derogation for a Highly Restricted or Restricted HHP on the old list? | E9: NO | F9: =IF(E9="YES","Audit Use under Derogations section A1.1.1, below","Complete section A1.1.4/A1.1.6 and Issue a Major CAR to fulfill requirements of Pesticides Policy (including ESRA) with 3 month deadline, if this is missing or incomplete") -> Complete section A1.1.4/A1.1.6 and Issue a Major CAR to fulfill requirements of Pesticides Policy (including ESRA) with 3 month deadline, if this is missing or incomplete
D10: Note: A1.1.5 & A1.1.6 must be completed for ANY pesticide use. In the transition year for use of unlisted pesticides or newly listed Restricted/Highly Restricted pesticides, Observations only will be issued.
D11: WHEN QUESTIONS ABOVE ANSWERED, FOLLOW THE INSTRUCTIONS ON COMPLETING THE SECTIONS BELOW AS APPLICABLE - A1.1.1, A1.1.2, A1.1.3, A1.1.4, A1.1.5, A1.1.6
B12: FSC Ref - FSC-POL-30-001 v3. | C12: SA Ref | D12: Requirement | F12: Complies Y/N | G12: MA | H12: Complies Y/N | I12: S1 | J12: Complies Y/N | K12: S2 | L12: Complies Y/N | M12: S3 | N12: Complies Y/N | O12: S4
A13: For Prohibited, existing approved derogations and their conditions remain valid until the 31st December 2020. Until that date, the CH may continue using the FSC prohibited HHP, provided that the derogation conditions are fulfilled. After 31st December 2020 the prohibited pesticides can only be used in emergency situations, or by government order. For Restricted/Highly Restricted, existing approved derogations and their conditions will remain valid until their expiry date or until national HHP indicators become effective and replace the derogations. | C13: A1.1.1 | D13: USE OF PROHIBITED, HIGHLY RESTRICTED or RESTRICTED HHPs -USE UNDER DEROGATIONS ONLY
A14: If NO, state N/A and progress to sections below. If YES, complete this section for all pesticides used under derogation, and remember to insert the relevant derogation checklist (RT-FM-002 or 003 amended) for the pesticide used and insert in report. Note that derogations are time-limited | C14: 1.1.1.1 | D14: Does the Company have existing derogation(s) to use a Prohibited/Highly Restricted/Restricted HHP?
A15: Hide / Add rows as necessary | C15: 1.1.1.2 | D15: Pesticide Name and Active Ingredients
C16: 1.1.1.3 | D16: Quantity Used (state units)
C17: 1.1.1.4 | D17: Forest Area
C18: 1.1.1.5 | D18: Reason for Use
A19: Remember to attach the derogation checklist to the report | C19: 1.1.1.6 | D19: Has the Company fulfilled the requirements of the Derogation?
C20: 1.1.1.7 | D20: Record Expiry Date of Derogation
A21: Hide/Add rows as necessary | C21: 1.1.1.8 | D21: Pesticide Name and Active Ingredients
C22: 1.1.1.9 | D22: Quantity Used (state units)
C23: 1.1.1.10 | D23: Forest Area of use
C24: 1.1.1.11 | D24: Reason for Use
A25: Remember to attach the derogation checklist to the report | C25: 1.1.1.12 | D25: Has the Company fulfilled the requirements of the Derogation?
C26: 1.1.1.13 | D26: Record Expiry Date of Derogation
B28: FSC Ref - FSC-POL-30-001 v3. | C28: SA Ref | D28: Requirement | F28: Complies Y/N | G28: MA | H28: Complies Y/N | I28: S1 | J28: Complies Y/N | K28: S2 | L28: Complies Y/N | M28: S3 | N28: Complies Y/N | O28: S4
C29: A1.1.2 | D29: PROHIBITED HHP WITHOUT A DEROGATION
A30: N/A if no use. If N, and not under emergency situation or government order, result is Major CAR, or Suspension of certificate if can be proven that intentional | B30: 4.2.11 | D30: Has the Company used a Prohibited pesticide without a valid derogation in place? If Emergency or Government Order see A.1.1.3.
B31: FSC Ref - FSC-POL-30-001 v3. | C31: SA Ref | D31: Requirement | F31: Complies Y/N | G31: MA | H31: Complies Y/N | I31: S1 | J31: Complies Y/N | K31: S2 | L31: Complies Y/N | M31: S3 | N31: Complies Y/N | O31: S4
A32: FSC prohibited HHPs shall not be used unless in emergency situations or by governmental orders. In case of emergency situations or governmental orders, the CH shall: • conform with Annex 3 of the revised Policy ‘Procedure for the exceptional use of FSC prohibited HHPs’, and • incorporate to the ESRA the requirements from the most recent published draft of the HHP-IGI (not applicable until a draft of the HHP-IGIs has been published and FSC has provided additional information). | C32: A1.1.3 | D32: PROHIBITED HHP Used Under Emergency Situations or Government Order
A33: N/A if no use. If no derogation, and not under emergency situation or government order, result is Major CAR, or Suspension of certificate if can be proven that intentional If Y, complete below | B33: 4.2.11 | C33: 1.1.3.1 | D33: Is the Company using a Prohibited HHP under an Emergency situation or Government Order?
A34: Hide/Add rows as necessary | C34: 1.1.3.2 | D34: Pesticide Name and Active Ingredients
C35: 1.1.3.3 | D35: Justification for Use and Evidence
C36: 1.1.3.4 | D36: Quantity Used (state units)
C37: 1.1.3.5 | D37: Forest Area of use
A39: NOTE non-compliance with any of these points leads to a MAJOR CAR Ref Annex 3 of FSC-POL-30-001 and INT-POL-30-001_07 gives detail of compliance requirements - available on page 12 of https://ic.fsc.org/en/document-center/id/110 | B39: Annex 3, pt.1 | C39: 1.1.3.6 | D39: Has the Company provided a written notification to SACL that includes: a) The intent to use a FSC prohibited HHP b) A rationale for its use?
B40: Annex 3, pt.2 | C40: 1.1.3.7 | D40: Has the Company submitted to SACL within thirty (30) days of starting the use: a) A rationale for the need to use the FSC prohibited HHP, b) A site specific environmental and social risk assessment (ESRA) c) Control measures for identified risks, d) Training and monitoring in place to prevent, minimize and mitigate impacts and e) A description of the review processes of c) and d)?
B41: Annex 3, pt 5 | C41: 1.1.3.8 | D41: a comparative ESRA shall be completed and demonstrate that the pest or disease problem cannot feasibly be controlled by a less hazardous alternative.
A42: This is only applicable once the indicators become available, otherwise N/A | B42: Annex 3, pt 3 | C42: 1.1.3.9 | D42: Where applicable, have ESRA requirements from HHP-IGI been incorporated?
C43: SA Ref | D43: FSC Ref - FSC-POL-30-001 v3. | E43: Requirement | F43: Complies Y/N | G43: MA | H43: Complies Y/N | I43: S1 | J43: Complies Y/N | K43: S2 | L43: Complies Y/N | M43: S3 | N43: Complies Y/N | O43: S4
A44: Before using a FSC highly restricted HHP or FSC restricted HHPs, the CH shall: • conduct an environmental and social risk assessment (ESRA) conforming with the requirements of the ESRA framework for Organizations in the revised Policy (clause 4.12). • incorporate to their ESRA the conditions from the most recent derogation approved in the country for that chemical pesticide, if there is one. • Conform with the requirements from the most recent published draft of the HHP-IGI (not applicable until a draft of the HHP-IGIs has been published and FSC provides additional information). | C44: A1.1.4 | D44: Use of Restricted or Highly Restricted HHPs without Derogation
A45: IF NO USAGE STATE NO HERE, IF YES, COMPLETE INFORMATION BELOW - For each HHP pesticide used complete the cells below, hide/copy more rows as needed. - If Newly listed (and audit is before December 31st 2020), issue an Observation to comply with requirements of Pesticides Policy, including ESRA, by December 31st, 2020. - If NOT Newly listed (and audit is before December 31st 2020), issue a Major CAR to comply with the requirements of Pesticides Policy, including ESRA. - After December 31st 2020, issue Minor / Major CARs as necessary. | C45: 1.1.4.1 | D45: Is there use of a Highly Restricted or Restricted HHP? | F45: Y
A46: Hide/Add rows as necessary | D46: Pesticide Name and Active Ingredients | F46: Y | G46: VisionMax (glyphosate)
D47: Justification for Use and Evidence | F47: Y | G47: Effectiveness, cost,availability of labor
D48: Forest area of use | F48: Y | G48: Blocks 30, 44, 152, 157, 266, 269, 564, 800
D49: Which List(s) does this feature on? | F49: Y | G49: Restricted HHP
D50: Quantity Used (state units) | F50: Y | G50: 1319 liters
A51: Hide/Add rows as necessary | D51: Pesticide Name and Active Ingredients
D52: Justification for Use and Evidence
D53: Forest area of use
D54: Which List(s) does this feature on?
D55: Quantity Used (state units)
A56: Hide/Add rows as necessary | D56: Pesticide Name and Active Ingredients
D57: Justification for Use and Evidence
D58: Forest area of use
D59: Which List(s) does this feature on?
D60: Quantity Used (state units)
B62: FSC Ref - FSC-POL-30-001 v3. | C62: SA Ref | D62: Requirement | F62: Complies Y/N | G62: MA | H62: Complies Y/N | I62: S1 | J62: Complies Y/N | K62: S2 | L62: Complies Y/N | M62: S3 | N62: Complies Y/N | O62: S4
C63: A1.1.5 | D63: Use of Other Pesticides - Full Compliance from 31st December 2020 only - see note below. Note that for any non-conformance relating to the ESRA within the transition period raise only one Observation, which says “The Company should ensure compliance with all relevant elements of the FSC Pesticides policy FSC-POL-30-001 v3 by the 31st December 2020”
A64: From 31st December 2020, before using other chemical pesticides, the CH shall: • conduct an environmental and social risk assessment (ESRA) conforming with the requirements of the ESRA framework for Organizations in the revised Policy (clause 4.12). | D64: From 31 December 2020, has an ESRA been completed for pesticides not on the lists? | F64: Y
A65: Hide/Add rows as necessary | D65: Pesticide Name and Active Ingredients | F65: Y | G65: Trichlopyr
D66: Justification for Use and Evidence | F66: Y | G66: Effectiveness, cost,availability of labor
D67: Forest area of use | F67: Y | G67: Not used in last year
D68: Quantity Used (state units) | F68: Y | G68: Not used in last year
A69: Hide/Add rows as necessary | D69: Pesticide Name and Active Ingredients
D70: Justification for Use and Evidence
D71: Forest area of use
D72: Quantity Used (state units)
A73: Hide/Add rows as necessary | D73: Pesticide Name and Active Ingredients
D74: Justification for Use and Evidence
D75: Forest area of use
D76: Quantity Used (state units)
A77: Hide/Add rows as necessary | D77: Pesticide Name and Active Ingredients
D78: Justification for Use and Evidence
D79: Forest area of use
D80: Quantity Used (state units)
B82: FSC Ref - FSC-POL-30-001 v3. | C82: SA Ref | D82: Requirement | F82: Complies Y/N | G82: MA | H82: Complies Y/N | I82: S1 | J82: Complies Y/N | K82: S2 | L82: Complies Y/N | M82: S3 | N82: Complies Y/N | O82: S4
A83: If a Prohibited HHP is used, a Major CAR will be issued , or suspension (if intentional) of certificate, unless under emergency situation or government order If a previously listed Restricted/Highly Restricted HHP is used without derogation, any non-conformance relating to the ESRA within the transition period will result in a Major CAR (no ESRA, or ESRA incomplete). If a NEWLY listed Restricted/Highly Restricted HHP is used WITHIN THE TRANSITION PERIOD raise only one Observation which says “The Company should ensure compliance with all relevant elements of the FSC Pesticides policy FSC-POL-30-001 v3 by the 31st December 2020”. If a ANY listed Restricted/Highly Restricted HHP or non-listed pesticide is used AFTER 31st December 2020, any non-conformance to the ESRA will result in a CAR (Minor or Major depending on severity of non-compliance). CARs to be raised at indicator level | C83: A1.1.6 | D83: Use of ALL Pesticides - Quality Management System For all Pesticide Use recorded above, complete the following section on QMS requirements. 1) FSC considers the risk associated with using FSC prohibited HHPs to be unacceptable due to their high toxicity, even at low exposure. 2) Where multiple pesticides are used (and therefore multiple ESRAs), Auditor to complete detail in comments section at indicator level e.g. 6 pesticides - compliant, for pesticides x and y non-compliant, ESRA does not include information.
A84: Page 39 of FSC-POL-30-001 V3-0 gives the guidance on the use of the FSC ESRA Template and the minimum ESRA requirements | B84: FSC-POL-30-001 V3-0 Para 4.12 part 1 | C84: 1.1.6.1 | D84: Does the Company give preference, as a matter of principle, to: 1. non-chemical methods over chemical pesticides, 2. chemical pesticides not listed in the FSC lists of HHPs over those listed in the FSC lists of HHPs, and 3. FSC restricted HHPs over FSC highly restricted HHPs? | F84: Y | G84: 1. Non-chemical methods are much less effective, and result in too much disturbance of the duff layer. 2. The alternative trichlopyr is 10 times more expensive, and red and jack pine are subject to mortality with its use. 3. Glyphosate is restricted, not highly restricted.
A85: For questions 1.1.6.2 to 1.1.6.10, if easier, create an additional row for each pesticide/ESRA where a Certificate Holder has multiple ESRAs/Pesticides. | B85: 4.12, part 2 and 4 | C85: 1.1.6.2 | D85: Has the Company undertaken a comparative ESRA(s) according to scale, intensity and risk (SIR) as part of its integrated pest management to identify the lowest risk option, the conditions for pesticide use and the generic mitigation and monitoring measures to minimize the risks? | F85: Y | G85: Only one herbicide has been used in the last year, based on comparison factors.
A86: 1- identified hazards - Acute Toxicity, Chronic Toxicity, Environmental Toxicity 2 -Exposure Characterisation 3 - Exposure elements - Soil, Water, Atmosphere, non-target spp, NTFPs, HCVs, Landscape, Ecosystem services. Social values - Health, Water, Food, infrastructure, economic viability, welfare, rights. 4 -Local Exposure variables: Formulation, Mixture of active ingredients, Concentration, Dose, Frequency and interval of application, Scale of treatment area, Method of application, Application system and equipment, Number of previous applications, Metabolites, Capacity and skills of workers, Personal protective equipment, Emergency related equipment, Site conditions, Predicted weather and climatic conditions, Spray drift, Waste management systems, Information available to neighbours about pesticide application | B86: 4.12, part 3 | C86: 1.1.6.3 | D86: Does the ESRA(s) include the minimum list of types of hazards, exposure elements and exposure variables described in Annex 2 of the Policy? (see guidance left) | F86: Y | G86: The forester who formulated the ESRA's followed guidance from the Great Lakes-St. Lawrence Silviculture Group who consulted with all the SFL's in the region, and included the elements in Annex 2.
B87: 4.12, part 6 | C87: 1.1.6.4 | D87: Has the Company incorporated the results of their ESRA(s) to site operational plans, to identify site-specific risks and adapt the generic mitigation and monitoring measures previously identified in the IPM ESRA(s)? | F87: Y | G87: The results of the ESRA were used in prescribing around water features and hunting camps. Larger buffers were prescribed.
B88: FSC-POL-30-001 V3-0 Para 4.12 parts 2 to 5 | C88: 1.1.6.5 | D88: Has the Company incorporated to their ESRA(s) the conditions from the more recent derogation approved in the country for that chemical pesticide, if there is one? | F88: N/A | G88: N/A
A89: only applicable once pesticides requirements have been incorporated into the draft IGIs/ National Standard. The CH shall review the most recent draft of the IGIs for the use of HHPs published by FSC International, specifically the draft IGIs for all HHPs and draft IGIs applicable to specific hazard groups, to identify aspects applicable to the HHP they intend to use, and, if relevant, bring these aspects into their ESRA. It is not mandatory for the CH to conform with these draft indicators or the associated instructions for standard developers. However, the CH is required to review the draft IGIs and use them as guidance for their ESRA. For example, in some contexts the CH may find that the draft IGIs on biomonitoring provide useful guidance on how they could approach monitoring of exposure and any human health impacts, but in other contexts, particularly where there are already robust systems in place to mitigate risks of pesticide use, the CH may be able to identify equally or more effective approaches to monitoring. | B89: FSC-POL-30-001 V3-0 Para 4.12 parts 2 to 5 | C89: 1.1.6.6 | D89: Has the Company incorporated to the ESRA(s), the requirements from the most recent published draft of the IGI? | F89: Y | G89: The Silviculture Group incorporated those requirements in its ESRA guides.
A90: http://pesticides.fsc.org/strategy-database | B90: FSC-POL-30-001 V3-0 Para 4.12 part 8 | C90: 1.1.6.7 | D90: Has the Company consulted the online FSC database for information exchange on alternatives and monitoring procedures? | F90: Y | G90: The silviculture forester who wrote the ESRA's consulted the online database.
B91: FSC-POL-30-001 V3-0 Para 4.12 parts 2 to 5 | C91: 1.1.6.8 | D91: Has the Company selected the option that demonstrates least social and environmental damages, more effectiveness and equal or greater social and environmental benefits? | F91: Y | G91: That was all weighed in the prescription formulations.
B92: FSC-POL-30-001 V3-0 Para 4.12 part 6 | C92: 1.1.6.9 | D92: Before applying any chemical pesticide, has the Company incorporated the results of their ESRA(s) to site operational plans, to identify site-specific risks and adapt the generic mitigation and monitoring measures previously identified in the IPM ESRA(s)? | F92: Y | G92: On examination of the operational plans, expanded buffers were obviously from the ESRA considerations.
B93: FSC-POL-30-001 V3-0 Para 4.12 part 7 | C93: 1.1.6.10 | D93: Has the Company Made the ESRA(s) and incorporation to the operational plans available to affected stakeholders upon request? | F93: Y | G93: The Algonquins of Ontario were interested in receiving the ESRA's and operational plans. They requested that lands within the First Nations Settlement not be sprayed prior to those parcels reverting to the First Nations.
B94: FSC-POL-30-001 V3-0 Para 4.12 part 9 | C94: 1.1.6.11 | D94: Does the Company have programmes in place, according to SIR, to research, identify and test alternatives to replace FSC highly restricted HHPs and restricted HHPs with less hazardous alternatives. Programmes shall have clear actions, timelines, targets and resources allocated? | F94: Y | G94: The GLSL Silviculture Group has done research that is shared with the forests in the region.
B95: FSC-POL-30-001 V3-0 Para 4.12 part 10 | C95: 1.1.6.12 | D95: Has the Company engaged with stakeholders in conformance with the requirements in the applicable National Forest Stewardship Standard or Interim National Standard when conducting ESRA(s)? | F95: Y | G95: GLSL Silviculture Group and Algonquins of Ontario were engaged.
B96: FSC-POL-30-001 V3-0 Para 4.12 part 12 | C96: 1.1.6.13 | D96: Has the Company Informed third-party processing plants located in the spatial area of the MU and third-party nursery suppliers of the list of FSC prohibited chemical pesticides, encouraging them to avoid these pesticides in their processes and in the production of seedlings and other materials entering the management unit? | F96: Y | G96: The silviculture technician copied the auditor the email she sent to the nursery, attaching the FSC Pesticide Policy list of restricted and prohibited chemicals. The CEO of the nursery responded that they do not use any chemical on that list in preparation of the seedlings the company orders.
B97: FSC-POL-30-001 V3-0 Para 4.12 part 13 | C97: 1.1.6.14 | D97: Has the Company requested the list of FSC prohibited chemical pesticides used by processing plants and nurseries suppliers described in clause 4.12.12 above? | F97: Y | G97: The silviculture technician copied the auditor the email she sent to the nursery, attaching the FSC Pesticide Policy list of restricted and prohibited chemicals. The CEO of the nursery responded that they do not use any chemical on that list in preparation of the seedlings the company orders.
B98: FSC-POL-30-001 V3-0 Para 6.1 | C98: 1.1.6.15 | D98: Has the Company maintained records of chemical pesticide usage, including: • Trade name, • Active ingredient, • Quantity of active ingredient used, • Period of use, • Number and frequency of applications, • Location and area of use and • Reason for use? | F98: Y | G98: The auditor verified the Renewal Prescription Form for Block 44. All the required attribute fields were completed.
B99: FSC-POL-30-001 V3-0 Para 5.1.1 | C99: 1.1.6.16 | D99: Has the Company prioritized risk prevention and mitigation over damage repair and compensation? | F99: Y | G99: Risk prevention is reflected in specific block prescription adaptations. For example, the buffer around hunting camps has been expanded to 120 meters.
B100: FSC-POL-30-001 V3-0 Para 5.1.2 | C100: 1.1.6.17 | D100: Where applicable, has the Company repaired damages according to their magnitude, in consistency with Criterion 6.3 of FSC-STD-01-001 FSC Principles and Criteria V5-2, regarding environmental damage and Criterion 2.6 regarding occupational injuries? | F100: N/A | G100: No damages have been reported or observed.
B101: FSC-POL-30-001 V3-0 Paras 5.1.3 and 5.1.4 | C101: 1.1.6.18 | D101: Has the Company, where applicable, provided fair compensation when reparation is not possible; and developed mechanisms for resolving grievances and for providing fair compensation to workers and local communities, consistent with Criterion 2.6 and Criterion 4.6 of FSC-STD-01-001 FSC Principles and Criteria V5-2? | F101: N/A | G101: No damages have been reported or observed.
R146: Choose from drop down
R147: YES
R148: NO

Sheet A1.2 IFL
A1: ANNEX 1.2 Intact Forest Landscapes Checklist - for evaluation of Advice-20-007-018 NOTE: This Advice Note will expire in each country once the National Forest Stewardship Standard or Interim National Standard becomes effective with IFL indicators.
C3: A. Is the forest in any of the following Regions/Countries? IF YES CONTINUE TO B.
C4: Countries where Intact Forest Landscapes exist according to Global Forest Watch maps: Angola, Argentina, Australia, Belize, Bhutan, Bolivia, Brazil, Brunei, Cambodia, Cameroon, Canada, Central African Republic, Chile, China, Colombia, Congo DRC, Costa Rica, Cote d'Ivoire, Dominican Rep, Ecuador, Equatorial Guinea, Ethiopia, Finland, French Guiana, Gabon, Georgia, Guatemala, Guyana, Honduras, India, Indonesia, Japan, Kazakhstan, Laos, Liberia, Madagascar, Malaysia, Mexico, Mongolia, Myanmar, New Zealand, Nicaragua, Nigeria, Norway, Panama, Papua N Guinea, Paraguay, Peru, Philippines, Repl. Congo, Russia, Solomon Islands, Suriname, Sweden, Tanzania, Thailand, Uganda, United States, Venezuela and Vietnam.
C5: Yes
C6: B. Region/Country in scope of certificate:
C7: Canada
C8: C. Applicable Standard & effective date:
C9: FSC-STD-CAN-01-2018 V 1-0 EN, 01/01/2020
C10: D. Does the applicable standard include IFL indicators (based on IGI v2.0 or later)? IF YES MOVE TO THE APPLICABLE STD CHECKLIST, IF NO CONTINUE ON THIS SHEET.
C11: No
C12: E. Has the CH conducted an analysis to determine presense/absence of IFL in the MU/s? GIVE DETAILS AT 1.3 BELOW.
C13: Yes. The company has indicated that they know there are no IFL's in the MU. Detailed HCV assessment available.
C14: F. Is there any IFL found within the MU's? Give details.
... C21: NB - this checklist should be used in conjunction with the evaluation of Principle 9 and any CARs shall be raised against the advice note and the relevant criteria in P9 - see column A.
C24: 1. Forest Management operations, including harvesting and road building may proceed in IFLs, if they: | E24: CAR
A25: Advice-20-007-018 1.1 & FSC criterion 9.3 | B25: 1.1 | C25: 1.1. Forest Management operations, including harvesting and road building may proceed in IFLs, if they do not impact more than 20% of Intact Forest Landscapes within the Management Unit (MU), and | E25: Raise CAR under FSC criterion 9.3
B26: MA | D26: n/a
B27: S1
B28: S2
B29: S3
B30: S4
A32: Advice-20-007-018 1.2 & FSC criterion 9.3 | B32: 1.2 | C32: 1.2. Forest Management operations, including harvesting and road building may proceed in IFLs, if they do not reduce any IFLs below the 50,000 ha threshold in the landscape. NOTE: FSC is developing further instructions on road building in IFLs. | E32: Raise CAR under FSC criterion 9.3
B33: MA | D33: n/a
B34: S1
B35: S2
B36: S3
B37: S4
A38: Advice-20-007-018 1.3 & FSC criterion 9.1 | B38: 1.3 | C38: 1.3. Global Forest Watch IFL maps www.globalforestwatch.org, or a more recent IFL inventory using the same methodology*, such as Global Forest Watch Canada, shall be used in all regions as a baseline. Describe the method used to determine presence/absence of IFL in the MU. | E38: Raise CAR under FSC criterion 9.1
C39: *FSC INT-DIR-20-007_17 clarifies what is meant by "same methodology": Certificate holders are expected to use the best available remote sensing data validated by ground truthing, when they have technical and financial resources to do so. However, certificate holders may update the IFL boundaries using also other forms of best available information, such as historical harvesting documentation combined with sales invoices, maps and external data provided by independent organizations, scientists and experts. Presence of IFL can be assessed based on Section 3.2 in FSC-GUI-30-010, which states: “Areas with evidence of certain types of human influence are considered disturbed and consequently not eligible for inclusion in an IFL, including: • Timber production areas, agricultural lands and human settlements with a buffer zone of 1 km; • Primary and secondary forest roads and skid trails, with a buffer zone of 1 km on either side; • Areas, where industrial activities occurred during the last 30-70 years, such as logging, mining, oil and gas exploration and extraction, peat extraction, etc. Areas with evidence of low-intensity and old disturbances are treated as subject to "background" influence and are eligible for inclusion in an IFL. Sources of background influence include local shifting cultivation activities, diffuse grazing by domestic animals, low-intensity selective logging for non-commercial purposes, and hunting.’’ NOTE: The definition for IFL given in http://www.intactforests.org/concept.html differs from the FSC IFL guide. The difference originates from the terms “ low-intensity selective logging’’ and “unpaved trails’’ which needed further clarification to be understood correctly. These two terms were discussed in a Workshop in Brazil in Nov 2017 and thereafter between FSC High Conservation Value Technical Working Group, World Resource Institute and Global Forest Watch, which resulted the wording above. NOTE: “Timber production areas” refer to areas impacted by forestry operations, rather than areas zoned or intended for timber production - which may still remain an IFL. “Human settlements” of low intensity traditional habitation by Indigenous Peoples that maintains forest intactness are eligible for inclusion in an IFL.
B40: MA | D40: n/a
B41: S1
B42: S2
B43: S3
B44: S4
A45: Advice-20-007-018 1.3 & FSC criterion 9.1 | B45: 1.4 | C45: 1.4 If the forest managers have used a more recent IFL inventory using the same methodology (see guidance in 1.3 above) there is an up to date map available which is validated and has been included in this report. | E45: Raise CAR under FSC criterion 9.1
C46: Auditor to include the validated IFL maps in this report, together with the map showing the overlap with GFW defined IFL (www.globalforestwatch.org) and the Management Unit. Auditor to paste validated maps into this worksheet (if possible) or list clearly in A5 Additional info and submit with the report. NB. The certificate holder can start using the updated IFL maps once Soil Association has validated them and recorded their validation. Compliance with this indicator in the approved final report = Validation of the IFL map. If forest managers use the GFW maps without any variance this requirement is n/a.
B47: MA | D47: n/a
B48: S1
B49: S2
B50: S3
B51: S4
A52: Advice-20-007-018 1.3 & FSC criterion 9.1 | B52: 1.5 | C52: 1.5 If the forest managers have used a more recent IFL inventory using the same methodology (see guidance in 1.3 and 1.4) there is an up to date map available. The map has been validated by Soil Association and is included in the forest management plan using geoprocessing tools, or manually. | E52: Raise CAR under FSC criterion 9.1
C53: Raise an observation if the map has been prepared according to 1.3 and 1.4 but the report has not yet been approved and maps therefore not included in the management plan.
B54: MA | D54: n/a
B55: S1
B56: S2
B57: S3
B58: S4

Sheet A2 Consultation
A1: ANNEX 2 - STAKEHOLDER SUMMARY REPORT (note: similar issues may be grouped together)
A2: Audit (MA, S1 etc..) | B2: Relation / stakeholder type - eg. neighbour, NGO etc | C2: Stakeholder ref number | D2: Site name (if group multi-site) | E2: Issue category | F2: Std ref | G2: Positive / Negative/ Other | H2: Issue summary | I2: Soil Association response
A3: RA | C3: 1 | E3: n/a | F3: n/a | G3: Positive | H3: "Very good planning work done by this group, schedules are up to date and harvest blocks released in a timely fashion to ensure wood gets to the mills asap." | I3: Noted
A4: RA | C4: 3 | D4: Barron Canyon and Bissett Creek | E4: n/a | F4: n/a | G4: Positive | H4: 1/ Excellent organisation to work with, respond in a timely fashion and have been very supportive regarding planning, road access, and other operational activities. 2/ From what we’ve seen, they do a very good job of sustainably managing the forest, especially in white and red pine stands. They have been a good resource for us to exchange ideas and discuss the challenges of forest management in the Great Lakes St. Lawrence Forest (GLSLF). Through their participation in the GLSLF silviculturalists group they have helped us and other forest managers advance the art and science of silviculture in the GLSLF. | I4: Noted
A5: RA | C5: 2 | E5: n/a | F5: n/a | G5: Positive and negative | H5: 1/ Doing a very good job with what they have to work with 2/ A little bit of inconsistency in tree marking 3/ Conflict with Ministry of Natural Resources - There is not a level playing field. The public has more freedom compared to forestry guidelines. Totally unreasonable concerning turtles and water crossings. | I5: The negative comment refers to MNRF's restrictive prescriptions for Blanding's turtle, a SAR, and for the tight regulation of water crossings by the company and MNRF, which is deemed necessary for environmental protection.
A6: RA | C6: 4 | D6: n/a | E6: n/a | F6: n/a | G6: Postive | H6: 1. OVFI staff are very knowledgable and proactive in addressing emerging issues. 2. The forest manager is in the process of addressing required alterations as a result of the OVF phase 2 forest management plan reviews. | I6: Noted
A7: RA | C7: 5 | E7: Roads | G7: Negative | H7: After harvest, a road was blocked with a berm preventing access to firewood and hunting areas. | I7: Going forward there is agreement to establish a committee to review road access protocol.
A8: RA | C8: 6 | E8: Value protection | G8: Positive | H8: The OVFI and its shareholders have come a long way in understanding native values and rights | I8: Noted
A9: RA | C9: 5 | E9: Harvest | G9: Negative | H9: Clear cut size too large, interfears with wildlife and hunting. | I9: Field trip planned to discuss concerns prior to harvest.
A10: RA | C10: 7 | E10: Planning | G10: Negative | H10: There is not enough funding for a proper native values Report. | I10: The MNR are responsible for setting the funding amount.
A11: RA | C11: 5 | E11: Harvest | G11: Positive | H11: Cultural Heritage Site was at risk | I11: After a field visit it was decided to put AOC reserve in several locations within the harvest block.
A12: S1 | C12: 1 | E12: Roads | G12: Negative | H12: One operator is marginal in his road building and water crossing construction. | I12: CAR 2016.1
A13: S1 | C13: 1 | D13: Beechnut Lake Rd and surrounding area | E13: Harvest | G13: Negative | H13: N: Still building too many roads. N: Road reclamation should be practised more. N: More wildlife habitat areas should be planned when large tracts of land are being harvested. N: Areas being reharvested before fully regrown. N: More wildlife habitat areas should be planned when large tracts of land are being harvested. N: Areas being reharvested before fully regrown. | I13: After subsequent email conversations with the stakeholder, he went out to the area he was complaining about and was complementary about the road practices he saw in the recently completed harvest block (also seen by the auditor). He was particularly pleased that the operations road had been blocked by the company, and the main road had been installed as a temporary operations access.
A14: S1 | C14: 2 | E14: Management | G14: Positive | H14: Effective working relationship with the Algonquins of Ontario. Willingness to address public and Indigenous concerns.
A15: S1 | C15: 3 | E15: Management | G15: Positive | H15: OVF has been an excellent organization to work with. They do a very good job of sustainably managing the forest, especially in white and red pine stands. Good resource to exchange ideas and discuss the challenges of forest management in the Great Lakes St. Lawrence Forest (GLSLF).
A16: S1 | C16: 4 | E16: Management | G16: Neutral | H16: Email not form. Requesting documents pertaining to candidate protected areas. Want to know what was submitted through audits to meet the FSC requirements pertaining to gap analysis and the identification and mapping of candidate protected areas. | I16: Plan to communicate with this stakeholder prior to the next audit
A17: S1 | C17: 5 | E17: Management | G17: Positive | H17: Generally good management in the last year
A18: S1 | C18: 5 | E18: Management | G18: Negative | H18: One operator builds marginal roads and water crossings, and in one instance, is non-compliant. | I18: CAR 2016.1 resulted from analysis of the water crossing on a site visit.
A19: S2 | C19: 1 | E19: Management | G19: Positive | H19: Ottawa Valley Forest has done an exceptional job of managing white and red pine sustainably. Managing these species is quite difficult and OVF is on the leading edge of pine management. They contribute expertise to inform development of various guides and policies and are eager to share their experience with other forest management companies. I have learned a great deal from collaborating with their staff. | I19: Thanked for response 25/10/17 RR
A20: S2 | C20: 2 | E20: Management | G20: Negative | H20: In my opinion, the Ottawa Valley forest approach to forest management was aggressive anti-biological and fad directed re silviculture driven.' | I20: Thanked for response 04/10/17 RR. Auditor response: The forest management is silviculture driven, as opposed to volume driven. The silviculture forester is exceptionally qualified, and has honed the art of growing pine to a fine science. The annual harvest has been less than half the sustainable level as determined by the FMP analysis process. LN
A21: S3 | C21: 1 | E21: Management | G21: Negative | H21: My bear management unit has been seriously eroded by intensive forest management and competition from other hunters. | I21: Auditor response: The company is meeting management objectives for multiple resources. That area is dominated by pine and intolerant hardwoods, requiring regeneration harvesting, which actually results in better bear habitat. But visibility is severely impacted, hence a bear hunter's dilemma.
A22: S3 | C22: 2 | E22: Management | G22: Positive | H22: OVFI generally manages well. Disagreements over a couple of prescriptions should be mitigated by amending the FMP and clarifying confusing wording in the next FMP. | I22: See Observation 2018.2.
A23: S4 | C23: 1 | E23: Management | G23: Negative | H23: Confidential concerns that company is not following FMP prescription criteria. | I23: Auditor met with stakeholder and went on-site to make analysis of criticism. See Observation 2018.2.
A24: S4 | C24: 1 | E24: Management | G24: Positive | H24: The company's Silviculture Forester is doing a good job renewing white pine. | I24: Auditor thanked stakeholder for comments in person.
A25: S5 | B25: First Nation Chief | C25: 1 | E25: Management | G25: Positive | H25: ...for the audit with Ottawa Valley Forest Inc. at this time I have no concerns | I25: Local expert thanked him for responding to a specific request for comment.
A26: S5 | B26: First Nation Representative | C26: 2 | E26: Management | G26: Negative | H26: FOP for revised Block 420 did not reflect the importance of an older hemlock stand to moose and deer habitat, so it should be managed by single tree selection rather than by shelterwood. Communication was not conducive to resolving issues FN raised. The FOP for the revised portion of the block was received in summer, when vacations do not contribute to a quick reply. While the block was not harvested by OVFI operators, the rep expressed a question in his mind about the path forward, and whether or not a problem still exists. | I26: See Observation 2020.7
A27: RA | B27: Recreationist | C27: 1 | E27: Management | G27: Positive | H27: They are very cooperative when contacted, but sometimes lack the knowledge of the importance to snowmobile trails, and tourism in the local neighbor hood. No negative comments. Suggested modifications to FSC Standard: All maps should include, Bear Management Areas (BMA), Organized Snowmobile trails, etc.. When cutting areas are established there should be a one on one communication with the said interested parties, and not the "Plans can be viewed at the district office", which are usually vague and hard to decipher, and exact cutting dates are not nailed down to plan on what to do. Advance notice a year before would be beneficial for all involved in cooperating and making the most out of the situation at hand. | I27: Thanked for comments, Oct 1, 2021
A28: RA | B28: Government | C28: 2 | E28: Management | G28: Negative | H28: There is concern that the company is not following the current FMP SGR's regarding clearcutting with seed trees, then regenerating red pine as opposed to shelterwood cutting and regenerating white pine. There is concern that the company is regarding economics more importantly than the current FMP direction, which is to follow the long-term objective of growing more white pine. | I28: Auditor examined the blocks that were used to illustrate the stakeholder's point. The shelterwood harvest unit examined, but not yet harvested, was a classic shelterwood prescription. The MXHCC (Mixed wood clearcut with seed trees), also not yet harvested, was judged by the auditor to be appropriate due to the lack of dominant and codominant white pine leave trees. At another block mentioned by the stakeholder, the MXHCC had been harvested , and basal area of the retention (approx 12 cu meters/ha) was much heavier than a traditional clearcut with leave trees (4-8 cu m/ha), and consisted of white pine and red oak. The auditor examined FMP Table 9, Assessment of Objective Achievement FMP 2011-21, and compared the Plan Start Level of 39,985 ha of White Pine Mixed Wood with the Plan Start Level of 45,490 ha, from FMP Table 10, Assessment of Objective Achievement FMP 2021-31. This indicates that in the ten years of the old FMP's achievement, OVFI actually increased the area of White Pine Mixed Wood by 5505 ha.
A29: RA | B29: Government | C29: 3 | E29: First Nations communication | G29: Positive | H29: Confirmed that communities have meaningful input to plans. Noted new participation by Metis communities. Recognition that accommodation can be difficult at times, but honest efforts are being made by the company and improvement is continuous. | I29: So noted in indicators.
A30: RA | B30: Government | C30: 4 | E30: First Nations communication | G30: Positive | H30: Detailed discussions regarding Transition Planning with Algonquins. The Company is open to suggestions and adjustments, engages in site-specific discussions. The Transition Planning process was developed by the Algonquins. There are occasional problems regarding sufficient advance notice of operational startup, but overall noted good efforts by the Company in a positive direction. | I30: So noted in indicators.
A31: RA | B31: Algonquin | C31: 5 | E31: First Nations communication | G31: Positive | H31: The stakeholder consulted with other community leaders before providing written feedback. P noted good communications with the Company, a willingness to meet community needs and address any questions. | I31: So noted in indicators.
A32: RA | B32: Algonquin | C32: 6 | E32: First Nations communication | G32: Positive | H32: Stakeholder noted good improvement in communications and engagement with the Company. Because of the large interface between land selections and operations compared with other forests, there were “more” urgent requests, which can be hard to respond to given the nature of the AOO internal processes. | I32: So noted in indicators.
A33: RA | B33: Government | C33: 7 | E33: Management | G33: Positive | H33: Respect for protection measure is overall very good, especially as regards Species at Risk. A government backlog existed in values collection and reporting during the pandemic, this has since been addressed. Some challenges noted regarding cover patches in moose and deer yards. | I33: So noted in indicators.

Sheet A3 Species list
A1: ANNEX 3 Species list
A2: List of main commercial timber and non-timber species included in the scope of certificate (botanical name and common name)
A4: Common Name | B4: Latin Name | C4: Tick if within scope
A6: Conifer
A7: Balsam fir | B7: Abies balsamea | C7: *
A8: Grand fir | B8: Abies grandis
A9: Noble fir | B9: Abies procera
A10: Lawson cypress | B10: Chamaecyparis lawsoniana
A11: Eastern red cedar | B11: Juniperus virginiana | C11: *
A12: Eastern larch | B12: Larix laricina | C12: *
A13: Hybrid larch | B13: Larix x eurolepis
A14: White spruce | B14: Picea glauca | C14: *
A15: Red spruce | B15: Picea rubens | C15: *
A16: Black spruce | B16: Picea mariana | C16: *
A17: Eastern white pine | B17: Pinus strobus | C17: *
A18: Jack pine | B18: Pinus banksiana | C18: *
A19: Scots pine | B19: Pinus sylvestris | C19: *
A20: Douglas fir | B20: Pseudotsuga menziesii
A21: Giant sequoia | B21: Sequoiadendron giganteum
A22: Coast redwood | B22: Sequoia sempervirens
A23: Northern white cedar | B23: Thuja occidentalis | C23: *
A24: Eastern hemlock | B24: Tsuga canadensis | C24: *
A25: Other (specify)
A27: Broadleaf
A28: Red maple | B28: Acer rubrum | C28: *
A29: Sugar maple | B29: Acer saccharum | C29: *
A30: Silver maple | B30: Acer saccharinum | C30: *
A31: Sycamore | B31: Acer pseudoplatanus
A32: Alder | B32: Alnus glutinosa
A33: Yellow birch | B33: Betula alleghaniensis | C33: *
A34: White birch | B34: Betula papyrifera | C34: *
A35: Hornbeam | B35: Carpinus betulus
A36: Bitternut hickory | B36: Cary cordiformis | C36: *
A37: Sweet chestnut | B37: Castanea sativa
A38: Hawthorn | B38: Crataegus monogyna
A39: Hazel | B39: Corylus avellana
A40: Beech | B40: Fagus grandifolia | C40: *
A41: Green (red) ash | B41: Fraxinus pennsylvanica | C41: *
A42: Black Ash | B42: Fraxinus nigra | C42: *
A43: White Ash | B43: Fraxinus americana | C43: *
A44: Butternut | B44: Juglans cinerea | C44: *
A45: Balsam poplar | B45: Populus balsamifera | C45: *
A46: Large tooth aspen | B46: Populus grandidentata | C46: *
A47: Quaking aspen | B47: Populus tremuloides | C47: *
A48: Black cherry | B48: Prunus serotina | C48: *
A49: Blackthorn | B49: Prunus spinosa
A50: White oak | B50: Quercus alba | C50: *
A51: Bur oak | B51: Quercus macrocarpa | C51: *
A52: Northern red oak | B52: Quercus rubra | C52: *
A53: Sessile oak (and hybrids) | B53: Quercus petraea
A54: Willow | B54: Salix spp.
A55: Basswood | B55: Tilia americana | C55: *
A56: White elm | B56: Ulmus americana | C56: *
A57: Other (specify)

Sheet A4 CITES trees
A1: Annex 4.
A2: Convention on International Trade in Endangered Species (CITES)
A3: •Appendix I - export and import permit required
A4: •Appendix II - export permit only (unless import permit required by national law)
A5: •Appendix III - export permit required where exporting from a country who included species as appendix 3
A7: Updated listing of CITES tree species may be found at:
A8: http://www.unep-wcmc.org/species/dbases/CITES-listedtrees.html
A10: Individual species can be checked on the CITES web database:
A11: http://www.cites.org/eng/resources/species.html
A13: The following list has been prepared by SA Cert to guide auditors and certificate holders in case web access is limited. It was updated March 2017. Web links above should take presedence over use of the list below.
A14: NB, Tree ferns (CYATHEACEAE) and Palms (PALMAE) have not been included in this list.
A16: Scientific name | B16: Common/Trade name | C16: Notes / Distribution
A18: Appendix I:
A19: Abies guatamalensis | B19: Guatemalan fir, Pinabete (Spanish) | C19: Central America
A20: Araucaria araucana | B20: Monkey-puzzle tree | C20: Chile and Argentina
A21: Balmea stormiae | B21: Ayugue | C21: El Salvador , Guatemala , Honduras , Mexico
A22: Dalbergia nigra | B22: Bahia Rosewood, Brazilian rosewood, Jacaranda, Pianowood, Rio Rosewood, Rosewood | C22: Brazil
A23: Fitzroya cuppressoides | B23: Alerce, Patagonian cypress | C23: Costa Rica, Panama, Columbia
A24: Pilgerodendron uviferum | B24: Ciprès (French) | C24: Argentina, Chile
A25: Podocarpus parlatorei | B25: Parlatore's Podocarp | C25: Argentina, Bolivia, Peru
A27: Appendix II:
A28: Aquilaria spp. | B28: Agarwood | C28: Asia (all species)
A29: Caesalpinia echinata | B29: Pernabuco, pau Brazil, Brasileto (Portuguese) | C29: Logs, sawn wood, veneer sheets, including unfinished wood articles used for the fabrication of bows for stringed musical instruments.
A30: Caryocar costaricense | B30: Ajillo, Costus | C30: Colombia, Costa Rica, Panama
A31: Dalbergia spp* | B31: Rosewood, Tulipwood, Kingwood, African Blackwood, Cocobolo, Cocobolo Prieto, Palisandro de Honduras, Rosul, Palisandre | C31: *Except Dalbergia nigra which is Appendix 1
A32: Gonystylus spp. | B32: Ramin | C32: Asia (all species)
A33: Guaiacum spp. | B33: Lignum-vitae/Tree of life, Holywood | C33: Central America, Caribbean (all species)
A34: Guibourtia demeusei | B34: Bubinga | C34: Cameroon, Central African Republic, Congo, Democratic Republic of the Congo, Equatorial Guinea, Gabon
A35: Guibourtia pellegriniana | B35: Bubinga | C35: Angola, Congo, Gabon, Nigeria
A36: Guibourtia tessmannii | B36: Bubinga | C36: Cameroon, Equatorial Guinea, Gabon
A37: Gyrinops spp. | B37: Gaharu | C37: Asia (all species)
A38: Oreomunnea pterocarpa | B38: Gavilaan | C38: Costa Rica, Mexico, Panama
A39: Pericopsis elata | B39: Afrormosia, African teak | C39: Central and West Africa
C40: logs, sawn wood and veneers controlled only
A41: Platymiscium pleiostachyum | B41: Quira macawood, Cristóbal (Spanish) | C41: Central America
A42: Podophyllum hexandrum | B42: Himilayan may-apple | C42: Bhutan
A43: Prunus africana | B43: African cherry | C43: Africa & Madagascar
A44: Pterocarpus erinaceus | B44: Kosso/African rosewood | C44: Benin, Burkina Faso, Cameroon, Central African Republic, Chad, CÃ´te d'Ivoire, Gambia, Ghana, Guinea, Guinea Bissau, Liberia, Mali, Niger, Nigeria, Senegal, Sierra Leone, Togo
A45: Pterocarpus santalinus | B45: Red Sandalwood | C45: India, Sri Lanka
C46: logs, wood-chips and unprocessed broken material controlled only
A47: Swietana humilis | B47: Honduras Mahogany, Mexican mahogany | C47: Central America
A48: Swietana macrophylla | B48: Big-leaf Mahogany | C48: Central-South America
A49: Swietana mahagoni | B49: Caribbean mahogany, American mahogany | C49: USA, West Indies, Central America
C50: logs sawn wood and veneer sheets controlled only
A51: Taxus: chinensis | B51: Yew: Chinese
A52: cuspidata | B52: Japanese
A53: fauana | B53: Tibetan
A54: sumatrana | B54: Sumatran
A55: wallichiana | B55: Himalayan
A57: Appendix III:
A58: Bulnesia sarmientoi | C58: Argentina - Logs, sawn wood, veneer sheets, plywood, powder and extracts.
A59: Cedrela odorata | B59: Cigarbox Cedar, Spanish Cedar | C59: South&Central America (logs, sawn wood and veneer sheets only)
A60: Dipteryx panamensis | B60: Almendro | C60: Costa Rica, Panama, Colombia
A61: Magnolia liliifera var. obovata | B61: Safan, Champak, Magnolia | C61: Bhutan, China, India, Nepal
A62: Podocarpus nerifolius | B62: Yellow wood | C62: Asia
A63: Tetracentron sinense | B63: Tetracentrons | C63: Bhutan, China, India, Nepal, Myanmar
A64: Fraxinus mandshurica | B64: Manchurian Ash | C64: Russia
A65: Quercus mongolica | B65: Mongolian Oak | C65: Russia

Sheet A5 additional info
A1: ANNEX 5 | B1: ADDITIONAL INFORMATION HELD BY SA Cert:
A3: Copy Of Certificate And Associated Schedule
A4: Confidential Commercial Information
A5: Consultee list and copies of any responses sent to SA Cert
A6: Maps Showing the Forest Resource Base
A7: Copy of management plan
A8: other (specify)

Sheet A6 Group checklist
A1: ANNEX 6 FOREST MANAGEMENT GROUPS CHECKLIST (based on FSC-STD-30-005 V2-0)
A2: NB - this checklist should be used in conjunction with the verifiers and guidance in the SA Cert Group Certification Standard
A3: Std Ref/ Audit | B3: Requirement | C3: Y/N | D3: CAR
B4: PART I Establishment of forest management groups
A5: 1 | B5: Requirements for Group Entities
A6: 1.1 | B6: The Group Entity shall be a person or group of persons registered as one independent legal entity.
A7: MA
A8: S1
A9: S2
A10: S3
A11: S4
A13: 1.2 | B13: The Group Entity shall comply with the applicable legal obligations, such as registration and payment of relevant fees and taxes.
A14: MA
A15: S1
A16: S2
A17: S3
A18: S4
A20: 1.3 | B20: When a Group Entity manages more than one group, it shall have enough capacity and resources to manage more than one certificate.
B21: NOTE: Each group will result in one certificate. In any one group, either all members are FSC FM/CoC, or all members are CW/FM; if some members are certified according to FM standards and others according to CW standards, then these would be two different groups.
A22: MA
A23: S1
A24: S2
A25: S3
A26: S4
A28: 1.4 | B28: The Group Entity shall be responsible for conformance with this standard.
A29: MA
A30: S1
A31: S2
A32: S3
A33: S4
A35: 1.5 | B35: The Group Entity shall make sure that all actors in the group demonstrate sufficient knowledge to fulfil their corresponding responsibilities within the group.
A36: MA
A37: S1
A38: S2
A39: S3
A40: S4
A42: 2 | B42: Requirements for group members
A43: 2.1 | B43: A declaration of consent shall be signed by each member wishing to join a group. In the declaration, the member shall: a) commit to follow the applicable Forest Stewardship Standard and the Group Rules; b) declare that the management units they are bringing into the group are not included in another FSC certificate; c) agree to allow the Group Entity, the certification body, FSC and ASI to fulfill their responsibilities; d) agree that the Group Entity will be the main contact for certification.
B44: NOTE: The declaration of consent does not have to be an individual document. It can be part of a contract or any other document (e.g. meeting minutes) that specifies the relationship agreed between the member and the Group Entity. NOTE 2: For Communities, the declaration may also be some other form of agreement such as assembly minutes, forest management contracts, tribal agreements for Indigenous communities, recordings of interviews in case of oral agreements, etc.
A45: MA
A46: S1
A47: S2
A48: S3
A49: S4
B50: 2.1.1 The declaration shall be signed either by the group member or by their representative (e.g. Resource Manager or consultant).
A51: MA
A52: S1
A53: S2
A54: S3
A55: S4
B56: 2.1.2 When the member is represented by another party (e.g. Resource Manager or consultant), the declaration shall also include a verifiable agreement (legal or otherwise) between the member and their representative.
B57: NOTE: The requirement for the agreement to be verifiable means that the representatives must be able to prove that they have been authorised by the member to act on their behalf.
A58: MA
A59: S1
A60: S2
A61: S3
A62: S4
A64: 3 | B64: Division of responsibilities
A65: 3.1 | B65: The Group Entity can divide the responsibilities among the different actors in the group (e.g. Group Entity, members, contractors, etc.).
B66: NOTE: The Group Entity is free to determine at what level implementation of requirements is carried out as long as conformance is demonstrated for each management unit (as per Clause 4.1).
A67: MA
A68: S1
A69: S2
A70: S3
A71: S4
A73: 3.2 | B73: The Group Entity shall define and document the division of key responsibilities within the group, as described in Clause 3.1.
B80: Resource Manager and Resource Management Unit
A81: 3.3 | B81: Some or all members of a group may choose to transfer the responsibility to ensure conformance with the applicable Forest Stewardship Standard in their management unit(s) to one Resource Manager, and may be grouped into one Resource Management Unit (RMU).
B82: 3.3.1 The Resource Manager of an RMU shall assume the responsibility to conform with the applicable Forest Stewardship Standard and to follow the Group Rules on behalf of all members within their RMU.
B83: NOTE: An RMU can include all members of a group or a sub-set of members within a group. There may be more than one RMU within one group. NOTE 2: Members of an RMU may implement some management activities in their management units, as long as the responsibility to ensure that there is conformance with the applicable Forest Stewardship Standard remains with the Resource Manager.
A90: 4 | B90: Conformance across management units
A91: 4.1 | B91: Conformance with all requirements of the applicable Forest Stewardship Standard shall be demonstrated for each management unit within the scope of the FSC FM/CoC or CW/FM group certificate, except as provided for in Clause 4.2.
A92: MA
A93: S1
A94: S2
A95: S3
A96: S4
A98: 4.2 | B98: Conformance with area thresholds in the applicable Forest Stewardship Standard with regards to Criterion 6.5, can be demonstrated across management units rather than at the level of the individual management unit for FM/CoC SLIMF management units.
A99: MA
A100: S1
A101: S2
A102: S3
A103: S4
B104: 4.2.1 In groups with SLIMF and non-SLIMF management units, the non-SLIMF management units may support SLIMF management units to conform with such requirement, partially or fully.
B105: NOTE: Non-SLIMF management units always need to conform with Criterion 6.5 in each management unit.
A106: MA
A107: S1
A108: S2
A109: S3
A110: S4
A112: 5 | B112: Group size
A113: 5.1 | B113: The Group Entity shall determine, based on its human and technical capacities, the maximum group size that it can manage, in terms of: a) number of group members; b) individual management unit size; and/or c) total forest area and distribution.
A114: MA
A115: S1
A116: S2
A117: S3
A118: S4
A120: 5.2 | B120: The Group Entity shall develop a group management system (as per Part II of this standard) that allows the continuous and effective management of all members of the group.
A121: MA
A122: S1
...

Sheet A7 Members & FMUs
L1: DO NOT DELETE | Y1: Data/Validation/list/select | Z1: FSC® AAF category/ies | AA1: mostly plantation
L2: DO NOT DELETE | Y2: >10000ha | Z2: Natural Forest - Community Forestry | AA2: mostly natural/semi-natural
L3: DO NOT DELETE | Y3: >1000-10000ha | Z3: Natural Forest- Conservation purposes | AA3: intimate mix
L4: DO NOT DELETE | Y4: 100-1000ha | Z4: Natural Forest - Tropical
L5: DO NOT DELETE | Y5: SLIMF | Z5: Natural Forest - Boreal
L6: DO NOT DELETE | Z6: Natural Forest Temperate
L7: DO NOT DELETE | Z7: Plantation
A8: Annex 7 Group member details/ FMU details (Group & Multiple FMU) | F8: Please indicate clearly if there are any national legal restrictions which do not allow publication of this kind of information. | L8: FMU details
C9: GROUP CERTIFICATES (COMPLETE BLUE & GREEN SECTIONS) | F9: Contact details of group member (not site location) | L9: FMU DETAILS - GROUPS AND MULTIPLE FMU
B10: Sub-code/ref | C10: Group member Name (+ local /trading names if applicable) | D10: Entry Date | E10: Exit date | F10: Street name | G10: nearest city/town | H10: State/County | I10: Post code | J10: Country | K10: Number of FMUs | L10: FMU Names (create new line for each FMU) | M10: Geog. coordinates (non-SLIMFs) | N10: Forest Type | O10: Area (ha) | P10: Size class | Q10: Managed by | R10: Management category | S10: Main products | T10: HCV present? | U10: AAF category | V10: Validated Ecosystem Services Claims (Drop down list) | W10: Verified Ecosystem Services Claims (Drop down list) | X10: Year visited by SA | Z10: AAF Category | AA10: Private
C11: Example: Group member with 2 FMU's: | AA11: State
A12: 1 | B12: B | C12: Branscomber woods Trust | D12: MA | F12: Sandy Lane | G12: Hamshead | H12: WA | I12: 4567 | J12: Australia | K12: 2 | L12: Branscomber lake side | N12: mostly plantation | O12: 10ha | P12: SLIMF | Q12: The Group Manager | R12: State | S12: Round logs | T12: No | U12: Plantation | AA12: Community
D13: MA | L13: Branscomber town forest | N13: mostly plantation | O13: 40ha | P13: SLIMF | Q13: The Group Manager | R13: State | S13: Round logs | T13: HCV 6 | U13: Plantation | X13: MA- 2018
A14: 2 | AA14: 1.1
A15: 3 | AA15: 1.2
A16: 4 | AA16: 1.3
A17: 5 | AA17: 1.4
A18: 6 | AA18: 1.5
A19: 7 | AA19: 1.6
A20: 8 | AA20: 1.7
A21: 9 | AA21: 2.1
A22: 10 | AA22: 2.2
A23: 11 | AA23: 3.1
A24: 12 | AA24: 3.2
A25: 13 | AA25: 3.3
... A32: 20 | AA32: 5.3
A33: …

Sheet A8 sampling
A1: Sampling methodology
A2: Draft 3 | B2: EB
A3: Approved | B3: MR 8/19
A4: FSC Ref: | B4: FSC-STD-20-007 v.3.0
A6: Below are the minimum FSC sampling requirements to be used. SA Cert may decide to increase sampling, on the basis of eg. Risk, Stakeholder Complaints, or previous non-conformities.
A7: IMPORTANT: | B7: Fill in yellow squares - rest will automatically calculate
B8: In Groups, sets of FMUs which are new at Surveillance should be sampled at MA rate (hence separate set below).
B9: Sets of FMUs - determined on basis of forest type (natural/semi-natural OR plantation OR as defined in NFSS) , size class, and national/regional standard to be used
B10: If two different national/regional standards are used additional sets should be added and permission sought from FSC
B11: If over 5000 group members contact SA Cert for calculation of mega-groups.
B12: Where a multi-site within a group - use group overall, but when sampling the multi-site, select sites within it @to Multi-site sampling.
B13: Random sampling should ensure sample within set is representative in terms of geographical distribution and operational personnel
B14: If the formation of additional set of like FMUs will lead to a concentration of resources on one FMU and thus not leading to representative sampling - group FMU to another higher size class (provided the total sample is not reduced).
A16: Summary Table MA-S4 | C16: MA | D16: S1 | E16: S2 | F16: S3 | G16: S4
A17: Multi-site | B17: No FMUs | C17: =C42 -> 0 | D17: =C42 -> 0 | E17: =C42 -> 0 | F17: =C42 -> 0 | G17: =C42 -> 0
B18: Total FMUs to sample | C18: =D42 -> 0 | D18: =E42 -> 0 | E18: =E42 -> 0 | F18: =E42 -> 0 | G18: =E42 -> 0
A19: Group | B19: No FMUs | C19: =C64 -> 0 | D19: =C64 -> 0 | E19: =C64 -> 0 | F19: =C64 -> 0 | G19: =C64 -> 0
B20: Total FMUs to sample | C20: =D64 -> 0 | D20: =E64 -> 0 | E20: =E64 -> 0 | F20: =E64 -> 0 | G20: =E64 -> 0
A22: Summary Table RA-S4 | C22: RA | D22: S1 | E22: S2 | F22: S3 | G22: S4
A23: Multi-site | B23: No FMUs | C23: =C42 -> 0 | D23: =C42 -> 0 | E23: =C42 -> 0 | F23: =C42 -> 0 | G23: =C42 -> 0
B24: Total FMUs to sample | C24: =F42 -> 0 | D24: =E42 -> 0 | E24: =E42 -> 0 | F24: =E42 -> 0 | G24: =E42 -> 0
A25: Group | B25: No FMUs | C25: =C64 -> 0 | D25: =C64 -> 0 | E25: =C64 -> 0 | F25: =C64 -> 0 | G25: =C64 -> 0
B26: Total FMUs to sample | C26: =F64 -> 0 | D26: =E64 -> 0 | E26: =E64 -> 0 | F26: =E64 -> 0 | G26: =E64 -> 0
A27: MULTI-SITE
A28: At MA, assess all P&C but across sites sampled overall | D28: Sample | E28: nb but new FMUs to be sampled at rate of MA; but do not have to be assessed against all P&C
A29: SET | B29: Type/Size class: | C29: No. of FMUs | D29: MA | E29: Surv | F29: RA
A30: A | B30: Forest Type 1. Size class >10000ha
A31: B | B31: Forest Type 2. Size class >10000ha
A32: C-Sites added at Surv | B32: Forest Type x. Size class >10000ha | D32: 0 | E32: =ROUNDUP((0.8*SQRT(C32)),0) -> 0 | F32: =ROUNDUP((0.8*SQRT(C32)),0) -> 0
A33: D | B33: Forest Type 1. Size class >1000-10000ha
A34: E | B34: Forest Type 2. Size class >1000-10000ha
A35: F-Sites added at Surv | B35: Forest Type x. Size class >1000-10000ha | D35: 0 | E35: =ROUNDUP((0.8*SQRT(C35)),0) -> 0 | F35: =ROUNDUP((0.8*SQRT(C35)),0) -> 0 | G35: aim to evaluate FMUs within each set to achieve the required calculated sample number.
A36: G | B36: Forest Type 1. Size class 100-1000ha
A37: H | B37: Forest Type 2. Size class 100-1000ha
A38: I -Sites added at Surv | B38: Forest Type x. Size class 100-1000ha | D38: 0 | E38: =ROUNDUP((0.8*SQRT(C38)),0) -> 0 | F38: =ROUNDUP((0.8*SQRT(C38)),0) -> 0
A39: G | B39: Forest Type 1. Size class <100ha
A40: H | B40: Forest Type 2. Size class <100ha
A41: L-Sites added at Surv | B41: Forest Type x. Size class <100ha/Small | D41: 0 | E41: =ROUNDUP((0.8*SQRT(C41)),0) -> 0 | F41: =ROUNDUP((0.8*SQRT(C41)),0) -> 0
B42: TOTAL FMUs TO SAMPLE: | C42: =SUM(C30:C41) -> 0 | D42: =ROUNDUP((0.8*SQRT(C30+C31+C33+C34+C36+C37+C39+C40)),0) -> 0 | E42: =(D42*0.5)+(E32+E35+E38+E41) -> 0 | F42: =E42 -> 0
A45: GROUP
A46: Use SA Cert Group Standard
A47: At MA, assess all P&C at each site sampled
A48: Visit all sets at MA. | B48: At Surveillance see col G | C48: nb but new FMUs to be sampled at rate of MA; but do not have to be assessed against all P&C
A49: Arrange for all sites >1000ha to be visited at least once over 5 year period. If new members >1000ha at S4, will need to visit all of them.
A51: SET | B51: Type/Size Class: | C51: no. FMUs | D51: MA | E51: Surv | F51: RA
A52: A | B52: Forest Type 1. Size class >10000ha | D52: =C52 -> 0 | E52: =ROUNDUP((0.8*C52),0) -> 0 | F52: =ROUNDUP((0.8*C52),0) -> 0 | G52: Always visit this set
A53: B | B53: Forest Type 2. Size class >10000ha | D53: =C53 -> 0 | E53: =ROUNDUP((0.8*C53),0) -> 0 | F53: =ROUNDUP((0.8*C53),0) -> 0 | G53: Always visit this set
A54: C-Sites added at Surv | B54: Forest Type x. Size class >10000ha | D54: 0 | E54: =C54 -> 0 | F54: =C54 -> 0
A55: D | B55: Forest Type 1. Size class >1000-10000ha | D55: =ROUNDUP((0.3*C55),0) -> 0 | E55: =ROUNDUP((0.2*C55),0) -> 0 | F55: =ROUNDUP((0.2*C55),0) -> 0 | G55: )- Visit one of these at S and RA
A56: E | B56: Forest Type 2. Size class >1000-10000ha | D56: =ROUNDUP((0.3*C56),0) -> 0 | E56: =ROUNDUP((0.2*C56),0) -> 0 | F56: =ROUNDUP((0.2*C56),0) -> 0
A57: F-Sites added at Surv | B57: Forest Type x. Size class >1000-10000ha | D57: 0 | E57: =ROUNDUP((0.3*C57),0) -> 0 | F57: =ROUNDUP((0.3*C57),0) -> 0
A58: G | B58: Forest Type 1. Size class 100-1000ha | D58: =ROUNDUP((0.8*SQRT(C58)),0) -> 0 | E58: =ROUNDUP((0.6*SQRT(C58)),0) -> 0 | F58: =ROUNDUP((0.6*SQRT(C58)),0) -> 0 | G58: )- Visit one of these at S and RA
A59: H | B59: Forest Type 2. Size class 100-1000ha | D59: =ROUNDUP((0.8*SQRT(C59)),0) -> 0 | E59: =ROUNDUP((0.6*SQRT(C59)),0) -> 0 | F59: =ROUNDUP((0.6*SQRT(C59)),0) -> 0
A60: I -Sites added at Surv | B60: Forest Type x. Size class 100-1000ha | D60: 0 | E60: =ROUNDUP((0.8*SQRT(C60)),0) -> 0 | F60: =ROUNDUP((0.8*SQRT(C60)),0) -> 0
A61: J | B61: Forest Type 1. Size class <100ha/Small | D61: =ROUNDUP((0.6*SQRT(C61)),0) -> 0 | E61: =ROUNDUP((0.3*SQRT(C61)),0) -> 0 | F61: =ROUNDUP((0.3*SQRT(C61)),0) -> 0 | G61: )- Visit one of these at S and RA | H61: Note SLIMFs do not always require site visits at Surveillance IF: <100 members and no outstanding CARS requiring field verification; no complaints, no significant forest activities
A62: K | B62: Forest Type 2. Size class <100ha/Small | D62: =ROUNDUP((0.6*SQRT(C62)),0) -> 0 | E62: =ROUNDUP((0.3*SQRT(C62)),0) -> 0 | F62: =ROUNDUP((0.3*SQRT(C62)),0) -> 0
A63: L-Sites added at Surv | B63: Forest Type x. Size class <100ha/Small | D63: 0 | E63: =ROUNDUP((0.6*SQRT(C63)),0) -> 0 | F63: =ROUNDUP((0.6*SQRT(C63)),0) -> 0
B64: TOTAL FMUs TO SAMPLE: | C64: =SUM(C52:C63) -> 0 | D64: =SUM(D52:D63) -> 0 | E64: =SUM(E52:E63) -> 0 | F64: =SUM(F52:F63) -> 0
A66: RESOURCE MANAGER UNIT (RMU) sampling - SMALL OPERATIONS ONLY | D66: TO BE USED UNDER EXCEPTIONAL CIRCUMSTANCES ONLY with authorisation from SA Cert
A67: Use SA Cert Group Standard
A68: NB. Need to ensure a sufficient variety and number of sites within the RMU are visited.
A69: Visit all sets at MA | B69: At Surveillance see column G | C69: example:
A70: SET | B70: Type/Size Class | C70: No. of FMUs | D70: MA | E70: Surv | F70: RA
A71: A | B71: Size class 100-1000 ha | C71: 900 | D71: 1 | E71: 1 | F71: 1
A72: B | B72: Size class 100-1000 ha | C72: 0 | D72: 1 | E72: 1 | F72: 1
A73: C | B73: Size class <100ha/small SLIMF* | C73: 900 | D73: 1 | E73: 1 | F73: 1 | G73: Note SLIMFs do not always require site visits at Surveillance IF: <100 members and no outstanding CARS requiring field verification; no complaints, no significant forest activities
A74: D | B74: Size class <100ha/ small SLIMF* | C74: 0 | D74: 1 | E74: 1 | F74: 1
B75: TOTAL FMUs TO SAMPLE: | D75: =SUM(D71:D74) -> 4 | E75: =SUM(E71:E74) -> 4 | F75: =SUM(F71:F74) -> 4

Sheet A9 NTFP checklist
A1: ANNEX 9: NTFP Checklist (insert appropriate adapted standard for specific NTFP and region)

Sheet A10 Glossary
A1: ANNEX 10 GLOSSARY
A2: Abbreviations
A3: AAC | B3: Annual Allowable Cut
A4: AHA | B4: Available Harvest Area
A5: ANSI | B5: Area of Natural and Scientific Interest
A6: AOC | B6: Area of Concern
A7: AOO | B7: Algonquins of Ontario
A8: AR | B8: Annual Report
A9: AWS | B9: Annual Work Schedule
A10: BA | B10: Basal area, expressed as square meters per hectare
A11: CFSA | B11: Crown Forest Sustainability Act
A12: COC | B12: Chain of Custody
A13: CORLAP | B13: Conditions on Existing Roads and Landings
A14: COSSARO | B14: The Committee on the Status of Species at Risk in Ontario
... A33: WSIB | B33: Workplace Safety and Insurance Board
A34: Definitions
A35: Active management unit: | B35: A management unit where site-disturbing activities have taken place since the last evaluation implemented by certification bodies, or in the previous 12 months if there was no previous evaluation.
A37: Biological diversity: | B37: The variability among living organisms from all sources including, inter alia, terrestrial, marine and other aquatic ecosystems and the ecological complexes of which they are a part; this includes diversity within species, between species and of ecosystems. (see Convention on Biological Diversity, 1992)
A39: Biological diversity values: | B39: The intrinsic, ecological, genetic, social, economic, scientific, educational, cultural, recreational and aesthetic values of biological diversity and its components. (see Convention on Biological Diversity, 1992)
A41: Biological control agents: | B41: Living organisms used to eliminate or regulate the population of other living organisms.
A43: Chain of custody: | B43: The channel through which products are distributed from their origin in the forest to their end-use.
A45: Chemicals: | B45: The range of fertilizers, insecticides, fungicides, and hormones which are used in forest management.
A47: Criterion (pl. Criteria): | B47: A means of judging whether or not a Principle (of forest stewardship) has been fulfilled.
A49: Customary rights: | B49: Rights which result from a long series of habitual or customary actions, constantly repeated, which have, by such repetition and by uninterrupted acquiescence, acquired the force of a law within a geographical or sociological unit.
A51: Ecosystem: | B51: A community of all plants and animals and their physical environment, functioning together as an interdependent unit.
A53: Endangered species: | B53: Any species which is in danger of extinction throughout all or a significant portion of its range.
A55: Exotic species: | B55: An introduced species not native or endemic to the area in question.
A57: Forest integrity: | B57: The composition, dynamics, functions and structural attributes of a natural forest.
... A67: HCV 1 | B67: - concentrations of biodiversity values (e.g. endemism, endangered species, refugia); and/or
B68: - large landscape level forests, contained within, or containing the management unit, where viable populations of most if not all naturally occurring species exist in natural patterns of distribution and abundance
A69: HCV 2 | B69: f) forest areas that are in or contain rare, threatened or endangered ecosystems
A70: HCV 3 | B70: g) forest areas that provide basic services of nature in critical situations (e.g. watershed protection, erosion control)
A71: HCV 4 | B71: h) forest areas fundamental to meeting basic needs of local communities (e.g. subsistence, health) and/or critical to local communities’ traditional cultural identity (areas of cultural, ecological, economic or religious significance identified in cooperation with such local communities).
A73: Indigenous lands and territories: | B73: The total environment of the lands, air, water, sea, sea-ice, flora and fauna, and other resources which indigenous peoples have traditionally owned or otherwise occupied or used. (Draft Declaration of the Rights of Indigenous Peoples: Part VI)
A76: Indigenous peoples: | B76: "The existing descendants of the peoples who inhabited the present territory of a country wholly or partially at the time when persons of a different culture or ethnic origin arrived there from other parts of the world, overcame them and, by conquest, settlement, or other means reduced them to a non-dominant or colonial situation; who today live more in conformity with their particular social, economic and cultural customs and traditions than with the institutions of the country of which they now form a part, under State structure which incorporates mainly the national, social and cultural characteristics of other segments of the population which are predominant." (Working definition adopted by the UN Working Group on Indigenous Peoples).
A78: Landscape: | B78: A geographical mosaic composed of interacting ecosystems resulting from the influence of geological, topographical, soil, climatic, biotic and human interactions in a given area.
A80: Local laws: | B80: Includes all legal norms given by organisms of government whose jurisdiction is less than the national level, such as departmental, municipal and customary norms.
A82: Long term: | B82: The time-scale of the forest owner or manager as manifested by the objectives of the management plan, the rate of harvesting, and the commitment to maintain permanent forest cover. The length of time involved will vary according to the context and ecological conditions, and will be a function of how long it takes a given ecosystem to recover its natural structure and composition following harvesting or disturbance, or to produce mature or primary conditions.
A84: Native species: | B84: A species that occurs naturally in the region; endemic to the area.
A86: Natural cycles: | B86: Nutrient and mineral cycling as a result of interactions between soils, water, plants, and animals in forest environments that affect the ecological productivity of a given site.
A88: Natural Forest: | B88: Forest areas where many of the principal characteristics and key elements of native ecosystems such as complexity, structure and diversity are present, as defined by FSC approved national and regional standards of forest management.
A90: Non-timber forest products: | B90: All forest products except timber, including other materials obtained from trees such as resins and leaves, as well as any other plant and animal products.
... A108: Use rights: | B108: Rights for the use of forest resources that can be defined by local custom, mutual agreements, or prescribed by other entities holding access rights. These rights may restrict the use of particular resources to specific levels of consumption or particular harvesting techniques.

Sheet A11 Cert decsn
B1: SA Cert Certification Decision
A2: Description of client / certificate holder
A3: Name: | B3: ='1 Basic Info'!C7 -> Ottawa Valley Forest
A4: Code: | B4: =Cover!D7 -> SA-FM/COC-002701
A5: Address: | B5: ='1 Basic Info'!C11 -> 195 Brazeau Rd., RR3, Pembroke, Ontario, K8A 6W4
A6: Country | B6: ='1 Basic Info'!C12 -> Canada
A7: Number of FMU's: | B7: ='1 Basic Info'!C25 -> 1
A8: Number of ha: | B8: ='1 Basic Info'!C48 -> 247424
A9: Presence of HCVs: | B9: yes
A10: Presence of indigenous people: | B10: yes
A11: Ecosystem services: | B11: no
A13: Summary of audit
A14: Type | B14: RA
A15: FSC MA (+PEFC UK only) - # peer reviews: | B15: N/A
A16: Names of auditors: | B16: Larry Nall
A17: Report Reviewer | B17: Valentins Kuksinovs, James Evans
A19: Report summary
A20: Number of pre-conditions
A21: Number of MAJOR conditions
A22: Number of minor conditions | B22: 3
A23: Number of observations | B23: 2
A24: Describe any potentially contentious issues.
A25: Location of report | B25: Filed under: Forestry/Certification records
A27: Recommendation I have reviewed the report of this assessment (including stakeholder consultation and peer review summary as appropriate) and | B27: I recommend certification approval by Soil Association Certification subject to compliance with the Conditions as listed above.
A28: =IF(B27="I recommend the certificate be *not issued/withdrawn/suspended/terminated because (* state below as appropriate and include reason).",D36,"")
A29: Verified Ecosystem Services | B29: See A12b ES schedule and Annex16
A31: Report Review Recommendation Date: | B31: 44504
D32: Approved
A33: Name of Report Approver: | B33: James Evans | D33: Not Approved
A34: Certification decision: | B34: Approved
A35: Signed on behalf of Soil Association Certification Ltd:
A36: Report Approval Date: | B36: 44504 | D36: State Choice and Reason:
A38: Soil Association Certification • United Kingdom
A39: Telephone (+44) (0) 117 914 2435
A40: Email forestry@soilassociation.org ● www.soilassociation.org/forestry
A42: Soil Association Certification Ltd • Company Registration No. 726903
A43: A wholly-owned subsidiary of the Soil Association Charity No. 20686
D46: I recommend the certificate be *not issued/withdrawn/suspended/terminated because (* state below as appropriate and include reason).
D47: I recommend the certification decision is referred to the SA Certification Committee for approval.
D48: I recommend certification approval by Soil Association Certification subject to compliance with the Conditions as listed above.

Sheet A12a Product schedule
B1: Product Schedule
A3: This schedule details the products which are included in the scope of the company's certification. It shall accompany the FSC® certificate. If the product scope changes a new schedule will be issued.
A5: Certificate scope including products and certified sites may also be checked on the FSC web database www.info.fsc.org
A6: Description of Certificate holder
A7: Name: | B7: ='1 Basic Info'!C7 -> Ottawa Valley Forest
A8: Address: | B8: ='1 Basic Info'!C11 -> 195 Brazeau Rd., RR3, Pembroke, Ontario, K8A 6W4
A9: Country | B9: ='1 Basic Info'!C12 -> Canada
A10: Certificate Code: | B10: =Cover!D7 -> SA-FM/COC-002701
A11: Type of certificate | B11: ='1 Basic Info'!C21 -> Single
A12: Date of issue: | B12: =Cover!D9 -> 44516 | C12: Date of expiry: | D12: =Cover!D10 -> 46341
A14: Product Groups available from this certificate holder include:
A15: NB. The covered products and processes/ activities are performed by the network of participating management units, and not necessarily by each of them. | E15: delete this row if single site
A16: FSC Status | B16: Product type | C16: Product code | D16: Species Separate with semicolon. * indicates species not included on FSC database
A17: FSC 100% | B17: Roundwood | C17: W1.1 | D17: Abies balsamea; Larix laricina; Juniperus virginiana; Picea glauca; Picea rubens; Picea mariana; Pinus resinosa; Pinus strobus; Pinus banksiana; Pinus sylvestris; Thuja occidentalis; Tsuga canadensis; Acer rubrum; Acer saccharum; Acer saccharinum; Betula alleghaniensis; Betula papyrifera; Fagus grandifolia; Fraxinus pennsylvanica; Fraxinus nigra;Fraxinus americana; Juglans cinerea; Populus balsamifera; Populus grandidentata; Populus tremuloides; Prunus serotina; Quercus alba; Quercus rubra; Quercus macrocarpa; Tilia americana; Ulmus Americana
A18: FSC 100% | B18: Fuel wood | C18: W1.2 | D18: Acer rubrum; Acer saccharum; Acer saccharinum; Betula alleghaniensis; Betula papyrifera; Fagus grandifolia; Fraxinus pennsylvanica; Fraxinus nigra;Fraxinus americana; Juglans cinerea; Populus balsamifera; Populus grandidentata; Populus tremuloides; Prunus serotina; Quercus alba; Quercus rubra; Quercus macrocarpa; Tilia americana; Ulmus americana
A21: Date of issue/re-issue: | D21: 44516
A23: Soil Association Certification • United Kingdom
A24: Telephone (+44) (0) 117 914 2435 • Fax (+44) (0) 117 314 5001
A25: Email forestry@soilassociation.org ● www.sacert.org/forestry
A27: Soil Association Certification Ltd • Company Registration No. 726903
A28: A wholly-owned subsidiary of the Soil Association Charity No. 20686

Sheet A12b ES schedule 
B1: Schedule of verified Ecosystem Services impacts
A3: This schedule details the verified Ecosystem Services Impacts which are included in the scope of the company's certification. It shall accompany the FSC® certificate. This schedule of verified Ecosystem Services impacts is no longer valid if the FSC certificate is suspended/withdrawn/terminated/expired. If the Ecosystem Services scope changes a new schedule will be issued.
A5: Certificate scope including Ecosystem Services and certified sites may also be checked on the FSC web database www.info.fsc.org
A6: Description of Certificate holder
A7: Name: | B7: ='1 Basic Info'!C7 -> Ottawa Valley Forest
A8: Address: | B8: ='1 Basic Info'!C11 -> 195 Brazeau Rd., RR3, Pembroke, Ontario, K8A 6W4
A9: Country | B9: ='1 Basic Info'!C12 -> Canada
A10: Certificate Code: | B10: =Cover!D7 -> SA-FM/COC-002701
A11: Type of certificate | B11: ='1 Basic Info'!C21 -> Single
A13: Ecosystem Services verified impacts available from this certificate holder include:
A14: NB. The impacts are verified at the network of participating management units, and not necessarily by each of them. Further details are found on the FSC database (www.info.fsc.org): | E14: delete this row if single site
A15: Ecosystem Service | B15: Verified Impact
A16: Biodiversity Conservation | B16: ES 1.1: Restoration of natural forest cover ES 1.2: Conservation of intact forest landscapes ES 1.3: Maintenance of an ecologically sufficient conservation area network ES 1.4: Conservation of natural forest characteristics ES 1.5: Restoration of natural forest characteristics ES 1.6: Conservation of species diversity ES 1.7: Restoration of species diversity
A17: Date of issue: | B17: DO NOT ISSUE UNTIL ALL MAJOR CARS FOR ES ARE CLOSED (A17 ES FINDINGS) | C17: Date of expiry:
A18: Carbon sequestration and storage | B18: ES 2.1: Conservation of forest carbon stocks ES 2.2: Restoration of forest carbon stocks
A19: Date of issue: | B19: DO NOT ISSUE UNTIL ALL MAJOR CARS FOR ES ARE CLOSED (A17 ES FINDINGS) | C19: Date of expiry:
A20: Watershed Services | B20: ES 3.1: Maintenance of water quality ES 3.2: Enhancement of water quality ES 3.3: Maintenance of the capacity of watersheds to purify and regulate water flow ES 3.4: Restoration of the capacity of watersheds to purify and regulate water flow
A21: Date of issue: | B21: DO NOT ISSUE UNTIL ALL MAJOR CARS FOR ES ARE CLOSED (A17 ES FINDINGS) | C21: Date of expiry:
A22: Soil Conservation | B22: ES 4.1: Maintenance of soil condition ES 4.2: Restoration/enhancement of soil condition ES 4.3: Reduction of soil erosion through reforestation/restoration
A23: Date of issue: | B23: DO NOT ISSUE UNTIL ALL MAJOR CARS FOR ES ARE CLOSED (A17 ES FINDINGS) | C23: Date of expiry:
A24: Recreation Services | B24: ES 5.1 Maintenance/conservation of areas of importance for recreation and/or tourism ES 5.2: Restoration or enhancement of areas of importance for recreation and/or tourism ES 5.3: Maintenance/conservation of populations of species of interest for nature-based tourism
A25: Date of issue: | B25: DO NOT ISSUE UNTIL ALL MAJOR CARS FOR ES ARE CLOSED (A17 ES FINDINGS) | C25: Date of expiry:
A27: Soil Association Certification • United Kingdom
A28: Telephone (+44) (0) 117 914 2435 • Fax (+44) (0) 117 314 5001
A29: Email forestry@soilassociation.org ● www.sacert.org/forestry
A31: Soil Association Certification Ltd • Company Registration No. 726903
A32: A wholly-owned subsidiary of the Soil Association Charity No. 20686

Sheet A13 ILO conventions
B1: ANNEX 13. ILO Conventions
B2: NB: ADD list of ratified conventions below (from row 33)
B3: FSC Policy on ILO conventions taken from FSC-POL-30-401 FSC certification and ILO conventions]
B4: Following the FSC policy document “FSC and the ILO Conventions” endorsed at the 24th Board Meeting of March 2002, compliance with all ILO Conventions relevant for forestry is a requirement for FSC forest management certification. The relevant ILO Labour Conventions are as follows. ILO Convention 87 and 98 are printed in full. Conventions number 29, 87, 98, 100, 105, 111, 138, and 182 are Core Standards covered by the 1998 ILO Declaration on Fundamental Principles and Rights at Work and its follow-up.
B6: 1. Forest managers are legally obliged to comply with all ILO conventions that are ratified in that country.
B7: 2. Forest mangers are expected to comply with the eight core (fundamental) ILO conventions in all ILO member countries, by virtue of their country’s ILO membership, even if not all the conventions have been ratified.
B8: 3. FSC’s policy for voluntary certification expects managers to comply with all conventions listed in Annex 2 [of FSC-POL-30-401 FSC certification and ILO conventions], in all countries (including countries which are not ILO members, and have not ratified the conventions).
B10: The following conventions represent consensus among the 170 member countries of ILO, and have been adopted/endosed by the International Labour conference or the Governing body of ILO: (Core conventions highlighted in bold)
A12: 29 | B12: Forced Labour Convention, 1930
A13: 87 | B13: Freedom of association and protection of the right to organize conventions, 1948.
A14: 97 | B14: Migration for employment (revised) convention, 1949.
A15: 98 | B15: Right to organize and collective bargaining convention, 1949.
A16: 100 | B16: Equal remuneration convention, 1951.
A17: 105 | B17: Abolition of forced labour convention, 1957.
A18: 111 | B18: Discrimination (occupation and employment) convention, 1958.
A19: 131 | B19: Minimum Wage fixing convention, 1970.
A20: 138 | B20: Minimum age convention, 1973.
A21: 141 | B21: Rural workers organizations convention, 1975.
A22: 142 | B22: Human Resources Development Convention, 1975
A23: 143 | B23: Migrant Workers (Supplementary Provisions) Convention, 1975
... A26: 182 | B26: Worst Forms of Child Labour Convention, 199
B28: ILO Code of Practice on Safety and Health in Forestry Work.
B29: Recommendation 135 Minimum Wage Fixing Recommendation, 1970
B31: ILO Conventions ratified in [name of country] (see http://www.ilo.org/ilolex/english/index.htm for information)
B32: [add list of ratified conventions below]

Sheet A14 Product codes
A1: Annex 14. FSC® Product Codes
A2: FSC Product Codes
A3: According to this new classification, product groups shall be defined using the product types provided in any of the levels (level 1, level 2, level 3), with the condition that the product groups established comply with the “product group” definition and requirements of FSC-STD-40-004. It means that the product types included in each product group shall share similar specifications in relation to quality of inputs and conversion factors."
A4: Level 1 | B4: Level 2 | C4: Level 3 | D4: Examples
A5: W1 | B5: W1.1
A6: Rough wood | B6: Roundwood (logs)
B7: W1.2
B8: Fuel wood
B9: W1.3
B10: Twigs
A11: W2 | D11: E.g. Barbecue charcoal
A12: Wood charcoal
A13: W3 | B13: W3.1
A14: Wood in chips or particles | B14: Wood chips
B15: W3.2
B16: Sawdust
B17: W3.3
B18: Wood shavings
B19: W3.4
B20: Wood wool
B21: W3.5
B22: Wood flour
B23: W3.6
B24: Wood pellets
B25: W3.7
B26: Sawdust briquettes
A27: W4 | B27: W4.1
A28: Impregnated/treated wood | B28: Impregnated roundwood
B29: W4.2
B30: Impregnated railway sleepers/ties
B31: W4.3 | C31: W4.3.1
B32: Treated dimensional lumber, timber or plywood | C32: Treated glued laminated timber
C33: W4.3.2
C34: Treated finger jointed lumber
A35: W5 | B35: W5.1
A36: Solid wood (sawn, chipped, sliced or peeled) | B36: Flitches and boules
B37: W5.2 | D37: E.g. Lumber core, rough-cut lumber, blockboard, stave core board
B38: Solid wood boards
B39: W5.3
B40: Beams
B41: W5.4
B42: Planks
B43: W5.5
B44: Poles and piles
B45: W5.6 | D45: E.g. Railroad tie
B46: Railway sleepers/ties, not impregnated
B47: W5.7 | D47: E.g. Wood blocks, friezes, strips.
B48: Raw wood for parquet flooring
B49: W5.8
B50: Slabs and edgings
B51: W5.9
B52: Pencil slats
A53: W6 | B53: W6.1
A54: Products from planing mill | B54: Dimensional timber and lumber, finished
B55: W6.2
B56: Non-dimensional timber and lumber
B57: W6.3
B58: Boards, finished
A59: W7 | B59: W7.1
A60: Veneer | B60: Peeled veneer
B61: W7.2
B62: Sliced veneer
B63: W7.3
B64: Sawn veneer
B65: W7.4
B66: Veneer strips
A67: W8 | B67: W8.1 | C67: W8.1.1
A68: Wood panels | B68: Plywood | C68: Laminboard
C69: W8.1.2
C70: Veneer plywood
B71: W8.2 | C71: W8.2.1
B72: Particleboard | C72: Melamine particleboard
C73: W8.2.2
C74: Veneered particleboard
C75: W8.2.3
C76: Oriented Strand Board (OSB)
C77: W8.2.4
C78: Smooth-surface panel
C79: W8.2.5
C80: Wood cement particleboard
C81: W8.2.6
C82: Plasterboard
C83: W8.2.7
C84: Strawboard
... C86: Graded particleboard
B87: W8.3 | C87: W8.3.1
B88: Fibreboard | C88: High-density fibreboard (HDF)
C89: W8.3.2
C90: Medium-density fibreboard (MDF)
C91: W8.3.3 | D91: E.g. (noise-)insulating boards
C92: Softboard
C93: W8.3.4
C94: Medium-hard-fibreboard
A95: W9 | B95: W9.1
A96: Engineered wood products | B96: Finger jointed wood
B97: W9.2
B98: Laminated veneer lumber (LVL)
B99: W9.3
B100: Parallel strand lumber (PSL)
B101: W9.4
...

Sheet A15 Translated summary
A1: Sections required for translation: (indicated by yellow highlighting in adjacent column)
A3: Tab | B3: Section
A5: Cover sheet | B5: All
A7: 1. Basic info | B7: 1.1
B8: 1.2
B9: 1.3
B10: 1.4
A12: 2. Findings | B12: All
A14: 3. MA Cert process | B14: 3.1
B15: 3.2
B16: 3.5
B17: 3.6
B18: 3.7
B19: 3.8.1
B20: 3.9
B21: 3.1
B22: 3.11
A24: 5. MA Forest | B24: All
A26: At each surveillance (6 - 9)
A28: 6. S1 | B28: All
A29: 7. S2 | B29: All
A30: 8. S3 | B30: All
A31: 9. S4 | B31: All
A33: Annexes:
A34: A1 FM Standard checklist | B34: Scoring summary table only
A35: A2 Consultation summary | B35: All

Sheet A16 ES checklist and statement
D1: ANNEX 16 ECOSYSTEM SERVICES CHECKLIST AND STATEMENT
B2: FSC reference | D2: This checklist shall be used to evaluate Ecosystem Services alongside the relevant forest management standard for the region/country. Each proposed impact shall be evaluated individually; some proposed impacts may be approved (verified or validated) while others may not - see table below. The first page of the Ecosystem Services Certification Document (ESCD) 'Results of the Evaluation' shall be completed by the audit team leader and all ESCDs submitted to SACL with the forest management report (this report) are uploaded to the FSC public certificate database once the impacts have been validated or verified: https://info.fsc.org/certificate.php
D4: Ecosystem Service included in the scope (delete those which are not in the scope): Record ES codes on A7 Members & FMUs for group/multiple MU certificates Record verified impacts on A12b Ecosystem Services schedule | E4: Date Validated | F4: Date Verified (no open Major CARs)
D5: Biodiversity Conservation ES 1.1: Restoration of natural forest cover ES 1.2: Conservation of intact forest landscapes ES 1.3: Maintenance of an ecologically sufficient conservation area network ES 1.4: Conservation of natural forest characteristics ES 1.5: Restoration of natural forest characteristics ES 1.6: Conservation of species diversity ES 1.7: Restoration of species diversity
D6: Carbon sequestration and storage ES 2.1: Conservation of forest carbon stocks ES 2.2: Restoration of forest carbon stocks
D7: Watershed Services ES 3.1: Maintenance of water quality ES 3.2: Enhancement of water quality ES 3.3: Maintenance of the capacity of watersheds to purify and regulate water flow ES 3.4: Restoration of the capacity of watersheds to purify and regulate water flow
D8: Soil Conservation ES 4.1: Maintenance of soil condition ES 4.2: Restoration/enhancement of soil condition ES 4.3: Reduction of soil erosion through reforestation/restoration
D9: Recreation Services ES 5.1 Maintenance/conservation of areas of importance for recreation and/or tourism ES 5.2: Restoration or enhancement of areas of importance for recreation and/or tourism ES 5.3: Maintenance/conservation of populations of species of interest for nature-based tourism
B12: FSC-PRO-30-006 V1-2 | C12: PART 1 - GENERAL REQUIREMENTS
B13: 1.1 | D13: 1.1 In order to comply with Parts I, II, III, and IV of this procedure, the organization shall be an applicant for or hold a valid FSC forest management certificate.
C14: MA
C15: S1
C16: S2
C17: S3
C18: S4
B19: 1.2 | D19: 1.2 Failure to demonstrate an impact according to this procedure shall not affect the status of the FSC forest management certificate.
C20: MA
C21: S1
C22: S2
C23: S3
C24: S4
B25: 1.3 | D25: 1.3 To demonstrate the impact of forest management activities on ecosystem services, the organization shall implement all of the seven steps described in Part III of FSC-PRO-30-006 procedure.
C26: MA
C27: S1
C28: S2
C29: S3
C30: S4
B31: 1.3.1 | D31: 1.3.1 One or more impacts may be proposed for one or more ecosystem services.
C32: MA
C33: S1
C34: S2
C35: S3
C36: S4
B37: 1.4 | D37: 1.4 The demonstration of impacts, as described in Part III of this procedure, may be applied across several management units within a certified group.
C38: MA
C39: S1
C40: S2
C41: S3
C42: S4
B43: 1.4.1 | D43: 1.4.1 In group certification, designated requirements for ecosystem services can be applied at the group level. In such cases, membership rules shall clarify the division of responsibilities between group members and the group entity for demonstrating ecosystem services impacts.
C44: MA
C45: S1
C46: S2
C47: S3
C48: S4
B49: 1.4.2 | D49: 1.4.2 When only some of the members of the certified group decide to comply with this procedure, specific rules and identification systems shall be established to differentiate the members applying this procedure from the other members.
C50: MA
C51: S1
C52: S2
C53: S3
C54: S4
B55: 1.5 | D55: 1.5 The organization shall record the information from each step in the relevant section of the Ecosystem Services Certification Document (ESCD).
C56: MA
C57: S1
C58: S2
C59: S3
C60: S4
B61: 1.5.1 | D61: 1.5.1 The organization shall make the ESCD available in at least one of the official language(s) of the country, or the most widely spoken language in the area in which the management unit is located; NOTE: If the organization wishes to get support from FSC to implement the procedure or access ecosystem services markets, FSC may need to request a translation of the ESCD(s) into one of the official languages of FSC, at the expense of the organization.
C62: MA
C63: S1
C64: S2
C65: S3
C66: S4
B67: 1.5.2 | D67: 1.5.2 The organization should develop an ESCD for each declared ecosystem service;
C68: MA
C69: S1
C70: S2
C71: S3
C72: S4
B73: 1.5.3 | D73: 1.5.3 The organization should send the ESCD(s) to the certification body 30 days prior to the start of the evaluation.
C74: MA
C75: S1
C76: S2
C77: S3
C78: S4
B79: 1.6 | D79: 1.6 The organization shall update the ESCD at least every five years.
C80: MA
C81: S1
C82: S2
C83: S3
C84: S4
B85: 1.7 | D85: 1.7 The organization may modify the layout and text of the ESCD if required to be in line with its specific corporate design and branding.
C86: MA
C87: S1
C88: S2
C89: S3
C90: S4
C91: PART 2 - Additional management requirements for the proposed ecosystem services impacts
D92: 2. Management requirements for all proposed impacts
B93: 2.1 | D93: 2.1 Peatlands are not drained.
C94: MA
C95: S1
C96: S2
C97: S3
C98: S4
B99: 2.2 | D99: 2.2 Wetlands, peatlands, savannahs, or natural grasslands are not converted to plantations or any other land use.
C100: MA
C101: S1
C102: S2
C103: S3
...

Sheet A17 ES Findings
A1: DO NOT DELETE - contains drop down data | M1: Obs
M2: Minor
M3: Major
A4: 2 | B4: CORRECTIVE ACTION REGISTER ECOSYSTEM SERVICES | E4: =Cover!D3 -> Ottawa Valley Forest | H4: =Cover!D7 -> SA-FM/COC-002701
B5: NB. Failure to demonstrate an Ecosystem Services impact shall not affect the status of the FSC forest management certificate.
